 Dungeon Crawl Stone Soup version 0.24.0-10-g970556be89 (webtiles) character file.

Game seed: 8647681377846375578, levelgen mode: deterministic

13359343 Aviak the Conqueror (level 27, 353/353 (354) HPs)
             Began as a Demonspawn Fire Elementalist on Nov 3, 2019.
             Was the Champion of Makhleb.
             Escaped with the Orb
             ... and 15 runes on Nov 4, 2019!
             The game lasted 09:58:36 (120599 turns).

Aviak the Conqueror (DsFE)                        Turns: 120599, Time: 09:58:37

HP:   353/353 (354) AC: 35    Str: 17    XL:     27
MP:   45/50         EV: 31    Int: 28    God:    Makhleb [******]
Gold: 5404          SH: 20    Dex: 17    Spells: 2/72 levels left

rFire    + + .     SeeInvis +   y - +9 double sword (slice)
rCold    + + .     Gourm    .   d - +0 shield of Monotheism {rPois rF+ Int+2}
rNeg     + + +     Faith    .   (armour currently unavailable)
rPois    ∞         Spirit   .   (helmet unavailable)
rElec    +         Reflect  +   g - +2 cloak {rF+}
rCorr    +         Harm     .   (gloves currently unavailable)
MR       ++...     Clarity  +   (boots currently unavailable)
Stlth    ++........             T - +6 amulet of reflection
HPRegen  0.68/turn              p - ring of Obbotir {Wiz rC++ MR- Str+4}
MPRegen  0.32/turn              E - ring "Useykhle" {rPois rF- rN++ Str+2 SInv}

@: statue-form, studying Shields, very slow
A: horns 3, yellow scales 3, blink, clarity, clever 1, demonic guardian 3, fire
resistance 1, hurl damnation, magic resistance 1, nightstalker 3, robust 1,
flame cloud immunity, MP-powered wands
0: Orb of Zot
}: 15/15 runes: barnacled, slimy, silver, golden, iron, obsidian, icy, bone,
abyssal, demonic, glowing, magical, fiery, dark, gossamer
a: Hurl Damnation, End Transformation, Blink, Minor Destruction, Lesser Servant
of Makhleb, Major Destruction, Greater Servant of Makhleb, Renounce Religion


You escaped.
You worshipped Makhleb.
Makhleb was exalted by your worship.
You were very full.
You were a stone statue.
You visited 17 branches of the dungeon, and saw 89 of its levels.
You visited Pandemonium 1 time, and saw 14 of its levels.
You visited the Abyss 1 time.
You visited 2 bazaars.
You visited 1 ziggurat, and saw 20 of its levels.
You also visited: Sewer, Bailey, Ice Cave and Volcano.

You collected 15868 gold pieces.
You spent 10464 gold pieces at shops.

Inventory:

Hand Weapons
 y - a +9 double sword of slicing (weapon)
Armour
 d - the +0 shield of Monotheism (worn) {rPois rF+ Int+2}
   (You bought it in a shop on level 13 of the Dungeon)

   It affects your intelligence (+2).
   It protects you from fire.
   It protects you from poison.
 g - a +2 cloak of fire resistance (worn)
 S - the +0 pair of boots "Reaxtext" {rC+ Dex+7}
   (You found it on level 14 of a ziggurat)

   It affects your dexterity (+7).
   It protects you from cold.
 U - the +4 scale mail of the Pleiades (melded) {Regen+ rCorr Str-3 Slay+3}
   (You took it off a deep elf blademaster on level 3 of the Elven Halls)

   It affects your strength (-3).
   It affects your accuracy and damage with ranged weapons and melee attacks
   (+3).
   It increases your rate of regeneration.
   It provides partial protection from all sources of acid and corrosion.
 W - the +5 pair of gloves of Tulips (melded) {rF+}
   (You found it on level 5 of the Pits of Slime)

   It protects you from fire.
 Z - a +2 pair of boots of running (melded)
Jewellery
 p - the ring of Obbotir (left hand) {Wiz rC++ MR- Str+4}
   (You took it off a deep elf death mage on level 3 of the Elven Halls)

   [ring of wizardry]

   It improves your spell success rate.
   It affects your strength (+4).
   It greatly protects you from cold.
   It affects your resistance to hostile enchantments.
 C - the ring "Naivoyh" {Wiz rPois MR+ Str-4 Dex+4}
   (You took it off a deep elf death mage on level 3 of the Crypt)

   [ring of wizardry]

   It improves your spell success rate.
   It affects your strength (-4).
   It affects your dexterity (+4).
   It protects you from poison.
   It affects your resistance to hostile enchantments.
 E - the ring "Useykhle" (right hand) {rPois rF- rN++ Str+2 SInv}
   (You found it on level 7 of the Iron City of Dis)

   [ring of see invisible]

   It affects your strength (+2).
   It makes you vulnerable to fire.
   It protects you from poison.
   It greatly protects you from negative energy.
   It lets you see invisible.
 N - the ring of the Modern Curses {Wiz rElec rN+ Int+3 Dex-4}
   (You found it on level 14 of a ziggurat)

   [ring of wizardry]

   It improves your spell success rate.
   It affects your intelligence (+3).
   It affects your dexterity (-4).
   It insulates you from electricity.
   It protects you from negative energy.
 P - the ring of Ru's Pride {rElec rC+ Dex+3}
   (You found it on level 1 of the Spider Nest)

   [ring of dexterity]

   It affects your dexterity (+3).
   It protects you from cold.
   It insulates you from electricity.
 Q - the ring of the Final Orbs {rElec rC- MP+9 SInv}
   (You found it on level 20 of a ziggurat)

   [ring of see invisible]

   It makes you vulnerable to cold.
   It insulates you from electricity.
   It affects your magic capacity (+9).
   It lets you see invisible.
 T - a +6 amulet of reflection (around neck)
Wands
 u - a wand of scattershot (9)
 I - a wand of acid (17)
 J - a wand of iceblast (10)
 R - a wand of clouds (1)
Scrolls
 b - 8 scrolls of enchant armour
 i - 21 scrolls of identify
 j - 8 scrolls of fear
 o - a scroll of magic mapping
 r - 30 scrolls of remove curse
 s - 13 scrolls of immolation
 t - 16 scrolls of teleportation
 v - 14 scrolls of fog
 x - 6 scrolls of blinking
 z - a scroll of brand weapon
 O - 5 scrolls of silence {!r}
 X - a scroll of amnesia
Potions
 a - 2 potions of magic
 c - 9 potions of curing
 l - 4 potions of cancellation
 m - a potion of berserk rage
 n - 4 potions of mutation {!q}
 w - 10 potions of ambrosia
 B - 4 potions of resistance
 G - 4 potions of agility
 K - 9 potions of brilliance
 L - 3 potions of flight
 M - 2 potions of invisibility
Books
 D - a manual of Shields
Miscellaneous
 F - a lamp of fire
Comestibles
 k - 14 rations


   Skills:
 O Level 27 Fighting
 - Level 20.1 Long Blades
 - Level 20.0 Armour
 + Level 24.4 Dodging
 - Level 1.7 Stealth
 - Level 15.0 Shields
 - Level 23.0 Spellcasting
 - Level 10.0 Conjurations
 - Level 2.0 Charms
 - Level 9.5 Summonings
 - Level 20.6 Necromancy
 - Level 4.1 Translocations
 - Level 14.0 Transmutations
 - Level 22.0 Fire Magic
 - Level 25.5 Earth Magic
 - Level 15.1 Invocations


You had 2 spell levels left.
You knew the following spells:

 Your Spells              Type           Power        Failure   Level  Hunger
a - Lehudib's Crystal Sp  Conj/Erth      #######...   1%          8    #####..
e - Fireball              Conj/Fire      #######...   1%          5    None
g - Regeneration          Chrm/Necr      #######...   1%          3    None
h - Aura of Abjuration    Summ           ######....   1%          5    None
j - Passage of Golubria   Tloc           N/A          1%          4    None
l - Borgnjor's Revivific  Necr           #######...   1%          8    #####..
r - Statue Form           Tmut/Erth      #######..    1%          6    None
t - Shatter               Erth           ########..   1%          9    ######.
u - Apportation           Tloc           ######       1%          1    None
v - Necromutation         Tmut/Necr      #######...   2%          8    #####..
w - Borgnjor's Vile Clut  Necr/Erth      ########..   0%          5    None
x - Ignition              Fire           ########..   1%          8    #####..

Your spell library contained the following spells:

 Spells                   Type           Power        Failure   Level  Hunger
 Animate Skeleton         Necr           N/A          0%          1    None
 Flame Tongue             Conj/Fire      #####        0%          1    None
 Magic Dart               Conj           ####         0%          1    None
 Pain                     Necr           ####         0%          1    None
 Sandblast                Erth           ######       0%          1    None
 Summon Butterflies       Summ           ######..     0%          1    None
 Summon Small Mammal      Summ           ####         0%          1    None
 Corpse Rot               Necr           N/A          0%          2    None
 Passwall                 Tmut/Erth      #######.     0%          2    None
 Sublimation of Blood     Necr           #######...   0%          2    None
 Throw Flame              Conj/Fire      ######       0%          2    None
 Confusing Touch          Hex            ####..       1%          1    None
 Corona                   Hex            ####...      1%          1    None
 Freeze                   Ice            ####         1%          1    None
 Infusion                 Chrm           ####         1%          1    None
 Shock                    Conj/Air       ####         1%          1    None
 Sting                    Conj/Pois      ####         1%          1    None
 Blink                    Tloc           N/A          1%          2    None
 Call Imp                 Summ           ######..     1%          2    None
 Ensorcelled Hibernation  Hex/Ice        ####..       1%          2    None
 Poisonous Vapours        Pois/Air       ####..       1%          2    None
 Searing Ray              Conj           ######       1%          2    None
 Shroud of Golubria       Chrm/Tloc      #####.       1%          2    None
 Slow                     Hex            ####....     1%          2    None
 Song of Slaying          Chrm           #####...     1%          2    None
 Swiftness                Chrm/Air       #####...     1%          2    None
 Throw Frost              Conj/Ice       ######       1%          2    None
 Conjure Flame            Conj/Fire      #######.     0%          3    None
 Ignite Poison            Fire/Tmut/Pois #######.     0%          3    None
 Stone Arrow              Conj/Erth      ######       0%          3    None
 Vampiric Draining        Necr           #######...   0%          3    None
 Animate Dead             Necr           N/A          0%          4    None
 Petrify                  Tmut/Erth      #######.     0%          4    None
 Sticky Flame             Conj/Fire      #######.     0%          4    None
 Agony                    Necr           #######.     0%          5    None
 Bolt of Magma            Conj/Fire/Erth #######...   0%          5    None
 Dispel Undead            Necr           #######.     0%          5    None
 Lee's Rapid Deconstruct  Erth           ########..   0%          5    None
 Call Canine Familiar     Summ           ######..     1%          3    None
 Confuse                  Hex            ####....     1%          3    None
 Dazzling Spray           Conj/Hex       ######       1%          3    None
 Gell's Gravitas          Tloc           ######....   1%          3    None
 Inner Flame              Hex/Fire       #######.     1%          3    None
 Lesser Beckoning         Tloc           ######....   1%          3    None
 Mephitic Cloud           Conj/Pois/Air  ######..     1%          3    None
 Ozocubu's Armour         Chrm/Ice       #####...     1%          3    None
 Portal Projectile        Hex/Tloc       #####.       1%          3    None
 Recall                   Summ/Tloc      N/A          1%          3    None
 Spectral Weapon          Hex/Chrm       #####...     1%          3    None
 Spider Form              Tmut/Pois      ######....   1%          3    None
 Static Discharge         Conj/Air       ######..     1%          3    None
 Summon Guardian Golem    Hex/Summ       ######..     1%          3    None
 Teleport Other           Tloc           ######..     1%          3    None
 Tukima's Dance           Hex            ####....     1%          3    None
 Force Lance              Conj/Tloc      ######..     1%          4    None
 Fulminant Prism          Conj/Hex       ######....   1%          4    None
 Ice Form                 Ice/Tmut       ######..     1%          4    None
 Iskenderun's Mystic Bla  Conj           ######..     1%          4    None
 Leda's Liquefaction      Hex/Erth       #######...   1%          4    None
 Summon Ice Beast         Ice/Summ       ######..     1%          4    None
 Summon Lightning Spire   Summ/Air       ######..     1%          4    None
 Throw Icicle             Conj/Ice       ######..     1%          4    None
 Alistair's Intoxication  Tmut/Pois      ######..     1%          5    None
 Bolt of Draining         Conj/Necr      #######...   1%          5    None
 Excruciating Wounds      Chrm/Necr      #######...   1%          5    None
 Irradiate                Conj/Tmut      #######...   1%          5    None
 Iskenderun's Battlesphe  Conj/Chrm      ######..     1%          5    None
 Lightning Bolt           Conj/Air       ######....   1%          5    None
 Summon Demon             Summ           ######....   1%          5    None
 Summon Forest            Summ/Tloc      ######....   1%          5    None
 Summon Mana Viper        Hex/Summ       ######..     1%          5    None
 Venom Bolt               Conj/Pois      ######....   1%          5    None
 Yara's Violent Unravell  Hex/Tmut       ######....   1%          5    None
 Bolt of Fire             Conj/Fire      #######...   1%          6    None
 Death Channel            Necr           #######...   1%          6    None
 Hydra Form               Tmut           #######...   1%          6    None
 Iron Shot                Conj/Erth      #######...   1%          6    None
 Shadow Creatures         Summ           N/A          1%          6    None
 Simulacrum               Ice/Necr       ######....   1%          6    None
 Dragon Form              Tmut           #######...   1%          7    ##.....
 Haunt                    Necr/Summ      #######...   1%          7    ##.....
 Infestation              Necr           #######...   1%          8    #####..
 Ring of Flames           Chrm/Fire      #######...   2%          7    ##.....
 Airstrike                Air            ####......   4%          4    None
 Cause Fear               Hex            ####......   4%          4    None
 Orb of Destruction       Conj           ######....   6%          7    ##.....
 Spellforged Servitor     Conj/Summ      ######....   6%          7    ##.....
 Summon Hydra             Summ           ######....   7%          7    ##.....
 Conjure Ball Lightning   Conj/Air       ######....   9%          6    None
 Poison Arrow             Conj/Pois      ######....   9%          6    None
 Metabolic Englaciation   Hex/Ice        ####......   12%         5    None
 Silence                  Hex/Air        ####......   12%         5    None
 Dispersal                Tloc           ######....   12%         6    None
 Freezing Cloud           Conj/Ice/Air   ######....   16%         6    None
 Death's Door             Chrm/Necr      #######...   26%         8    #####..
 Deflect Missiles         Chrm/Air       #####.....   38%         6    None
 Fire Storm               Conj/Fire      #######...   50%         9    ######.
 Darkness                 Hex            ####......   52%         6    None
 Invisibility             Hex            ####....     52%         6    None
 Chain Lightning          Conj/Air       ######....   96%         8    #####..
 Controlled Blink         Tloc           N/A          99%         8    #####..
 Disjunction              Tloc           ######....   99%         8    #####..
 Discord                  Hex            ####......   100%        8    #####..
 Dragon's Call            Summ           ######....   100%        9    ######.
 Glaciate                 Conj/Ice       ######....   100%        9    ######.
 Tornado                  Air            ####......   100%        9    ######.


Dungeon Overview and Level Annotations

Branches:
Dungeon (15/15)            Temple (0/1) D:4            Lair (6/6) D:9
 Shoals (4/4) Lair:3       Spider (4/4) Lair:3        Slime (5/5) Lair:6
    Orc (2/2) D:10            Elf (3/3) Orc:2        Vaults (5/5) D:13
  Crypt (3/3) Vaults:3       Tomb (3/3) Crypt:3      Depths (5/5) D:15
   Hell (visited)             Dis (7/7) Hell            Geh (7/7) Hell
    Coc (7/7) Hell            Tar (7/7) Hell            Zot (5/5) Depths:5
  Sewer (visited)          Bailey (visited)           IceCv (visited)
Volcano (visited)

Altars:
Elyvilon
Fedhas
Gozag
Kikubaaqudgha
Makhleb
Nemelex Xobeh
Okawaru
Uskayaw
Vehumet
Xom
Yredelemnul
The Shining One
Jiyva

Shops:
D:13 [[}[   Orc:2 [(**   Shoals:3 [   Vaults:2 :   Vaults:5 *}=:   Depths:1 =*?
Depths:2 =*

Portals:
Hell: Depths:1 Depths:2 Depths:3 Depths:4 Depths:5
Abyss: Depths:4
Pandemonium: Depths:2 Depths:3

Annotations:
D:8 5 exclusions
Lair:4 2 transporters, exclusion: 2 oklob plants, Zaegoraum's ghost, journeyman DsAK
Elf:1 6 runed translucent doors
Vaults:3 handsome's ghost, veteran OpWn


Innate Abilities, Weirdness & Mutations

You have a pair of large horns on your head.
(You are completely covered in yellow scales. (AC +4, rCorr))
A powerful demonic guardian rushes to your aid.
Your flesh is heat resistant. (rF+)
You can hurl damnation.
You are completely attuned to the shadows.
You are immune to clouds of flame.
You can translocate small distances at will.
You possess an exceptional clarity of mind.
Your mind is acute. (Int +2)
You are resistant to hostile enchantments. (MR+)
You are robust. (+10% HP)
You expend magic power (3 MP) to strengthen your wands.


Message History

You climb upwards.
There is a stone staircase leading down here.
Evoke which item? (* to show all) (? for menu, Esc to quit)
Aiming: Dig
Press: ? - help, Shift-Dir - straight line A rock wall.
This square is covered in magical glow.
You feel a surge of power!
The rock shatters into small pieces.
Casting: Borgnjor's Vile Clutch (safe; 0% risk of failure)
Confirm with . or Enter, or press ? or * to list all spells.
The dungeon rumbles!
Ka-crash!
Evoke which item? (* to show all) (? for menu, Esc to quit)
Aiming: Dig
Press: ? - help, Shift-Dir - straight line A rock wall.
This square is covered in magical glow.
You feel a surge of power!
The rock shatters into small pieces.
The now-empty wand crumbles to dust.
There is a staircase leading out of the dungeon here.
You have escaped!

.##### #.#...#.#.# .##
#.#........ ..###### #.#.#.#####
.......# #..##.# .......#
#..##.# .......#
###########..##.# .......#
#...........###.# #..#####
########.#### #.#
##.############>8##.#######.#
#.#......................#.#
#.#...##..##......##..##.#.#
#.#......................#.#
#.#...######...(..######.#.#
#.#......................#.#
##.#.####################.#.####
.............#.................#
############.#.##.############.#


There were no monsters in sight!

Vanquished Creatures
  Cerebov (Pan)
  Asmodeus (Geh:7)
  Antaeus (Coc:7)
  the Royal Jelly (Slime:5)
  Ereshkigal (Tar:7)
  Gloorx Vloq (Pan)
  Lom Lobon (Pan)
  Mnoleg (Pan)
  A seraph (Tomb:1)
  Khufu (Crypt:3)
  Dispater (Dis:7)
  3 orbs of fire (Zot:5)
  10 ancient liches
  Mennas (Vaults:2)
  3 juggernauts
  13 pandemonium lords
  20 greater mummies
  2 shard shrikes (Coc:7)
  A caustic shrike (Depths:2)
  3 curse toes
  Saint Roka (Vaults:4)
  Xtahua (Vaults:2)
  4 Killer Klowns (Zot:5)
  Geryon (Hell)
  The ghost of Ukiefoc the Devastator, an adept DrFE of Vehumet (Vaults:3)
  10 golden dragons
  Jory (Crypt:3)
  10 bone dragons
  A profane servitor (Crypt:3)
  35 Tzitzimimeh
  13 doom hounds
  2 electric golems (Zot:5)
  21 Brimstone Fiends
  6 iron giants (Dis:7)
  29 Ice Fiends
  13 Hell Sentinels
  9 titans
  20 tentacled monstrosities
  The ghost of Zotwa the Champion of Chaos, an adept GnSk of Makhleb (Vaults:3)
  43 Orb Guardians
  12 liches
  8 quicksilver dragons
  2 deep elf master archers (Elf:3)
  28 Executioners
  Polyphemus (Shoals:2)
  2 krakens
  Murray (Hell)
  21 acid blobs
  12 sphinxes
  8 death cobs
  26 ancient champions
  2 tentacled starspawn (Zig:17)
  A thorn hunter (Zig:13)
  13 storm dragons
  15 shadow dragons
  9 tengu reavers (Vaults:5)
  2 nagarajas (Zig:20)
  8 draconian monks
  15 azure jellies
  Agnes (Vaults:2)
  15 fire giants
  19 vault wardens
  7 revenants
  7 draconian knights
  7 iron dragons
  2 daevas
  23 balrugs
  5 frost giants
  4 deep elf sorcerers
  2 juggernaut zombies
  18 cacodemons
  2 draconian scorchers
  9 ghost moths
  5 warmongers
  7 corrupters
  5 ghouls
  An orc warlord (Zig:15)
  Aizul (Shoals:2)
  12 emperor scorpions
  7 curse skulls
  4 angels (Tomb:1)
  The ghost of Aviun the Unseen, an adept SpEn of Kikubaaqudgha (Spider:4)
  4 draconian shifters
  4 deep elf elementalists
  A caustic shrike zombie (Zig:19)
  18 ironheart preservers
  8 draconian annihilators
  4 draconian stormcallers
  A caustic shrike skeleton (Zig:9)
  22 very ugly things
  18 stone giants
  64 reapers
  2 elemental wellsprings (Coc:7)
  10 blood saints
  5 entropy weavers
  7 deep elf demonologists
  29 war gargoyles
  A spriggan defender (Vaults:2)
  9 starcursed masses
  9 bennus
  13 green draconians
  9 black suns
  16 vampire knights
  17 lorocyprocas
  10 red draconians
  7 deep elf annihilators
  12 purple draconians
  10 white draconians
  4 spark wasps
  14 black draconians
  A spark wasp (shapeshifter) (Zig:4)
  6 yellow draconians
  22 blizzard demons
  10 green deaths
  6 eidola
  13 deep elf death magi
  9 quicksilver dragon zombies
  9 merfolk javelineers
  12 ettins
  14 merfolk impalers
  33 mummy priests
  2 crystal guardians
  7 fire dragons
  9 yaktaur captains
  22 jiangshi
  12 ogre magi
  4 deep elf high priests
  Josephine (D:12)
  19 great orbs of eyes
  17 ice dragons
  38 vault guards
  5 ghost crabs
  13 hell beasts
  10 monstrous demonspawn
  3 death oozes
  4 rakshasas
  Fannar (D:11)
  5 shambling mangroves
  4 quicksilver dragon skeletons
  3 spriggan air magi
  5 merfolk avatars
  A catoblepas (shapeshifter) (Depths:3)
  An anaconda (Depths:2)
  10 merfolk aquamancers
  3 satyrs
  27 two-headed ogres
  31 dancing weapons
  14 hydras
  5 alligators
  4 catoblepae
  8 centaur warriors
  8 titan zombies
  A death yak (shapeshifter) (Vaults:5)
  7 death yaks
  61 death scarabs
  14 deep troll shamans
  5 deep troll earth magi
  6 death knights
  An alligator snapping turtle (Zig:20)
  2 spriggan berserkers
  8 tengu warriors
  10 vampire magi
  A naga sharpshooter (Zig:20)
  8 orc high priests
  3 shock serpents (Pan)
  20 hell hogs
  2 spriggans
  5 thrashing horrors (Zig:17)
  A salamander mystic (Depths:5)
  6 titan skeletons
  23 deep elf knights
  15 iron golems
  Nergalle (D:11)
  25 soul eaters
  37 hell knights
  45 sun demons
  3 storm dragon zombies
  157 skeletal warriors
  22 sixfirhies
  3 storm dragon skeletons
  A death drake (shapeshifter) (Depths:4)
  15 iron trolls
  8 wretched stars
  A spatial maelstrom (Zig:17)
  18 shadow wraiths
  A cherub (Tomb:3)
  5 glowing orange brains
  A ghost moth zombie (Coc:2)
  6 wizards
  8 golden dragon zombies
  A spark wasp zombie (Zig:8)
  7 unseen horrors
  6 gelid demonspawn
  A glowing orange brain (shapeshifter) (Zig:16)
  An unseen horror (shapeshifter) (Vaults:4)
  27 shadow demons
  A kraken simulacrum (Hell)
  7 sea snakes
  7 torturous demonspawn
  19 deep trolls
  2 death drakes
  7 infernal demonspawn
  15 flayed ghosts
  4 shadow dragon zombies
  A sea snake (shapeshifter) (Vaults:5)
  7 anaconda zombies
  20 deep elf archers
  2 spriggan druids
  An orange crystal statue (Zig:17)
  A swamp dragon (shapeshifter) (Zig:16)
  3 swamp dragons
  3 golden dragon skeletons
  A tengu zombie (Zig:9)
  2 anaconda skeletons
  23 ironbrand convokers
  An obsidian statue (Zig:17)
  19 orc knights
  6 harpies (Shoals:1)
  19 phantasmal warriors
  A mana viper (Zig:20)
  A sphinx zombie (Zig:9)
  4 wolf spider zombies
  60 deep elf magi
  7 frost giant zombies
  An orb spider (shapeshifter) (Depths:4)
  11 necromancers
  9 orb spiders
  8 manticores
  18 orc sorcerers
  21 wolf spiders
  5 stone giant zombies
  A sphinx skeleton (Zig:8)
  45 ugly things
  A wolf spider (shapeshifter) (Depths:1)
  10 iron dragon zombies
  4 salamanders (Depths:5)
  3 shadow dragon skeletons
  7 fire giant zombies
  28 moths of wrath
  10 cyclopes
  5 shining eyes
  13 fauns
  2 moths of wrath (shapeshifter)
  5 iron dragon skeletons
  9 merfolk sirens
  A toenail golem (Tomb:1)
  4 elephants (Lair:5)
  A guardian serpent (shapeshifter) (Elf:3)
  2 guardian serpents (Zig:20)
  6 black mambas
  8 stone giant skeletons
  36 rust devils
  7 molten gargoyles
  3 fire giant skeletons
  6 frost giant skeletons
  3 torpor snails
  45 smoke demons
  4 water nymphs
  An apocalypse crab (Abyss:3)
  7 ice statues
  2 eyes of devastation
  17 vault sentinels
  A torpor snail (shapeshifter) (Zig:14)
  15 orange demons
  2 dire elephant skeletons
  36 hellions
  2 spiny frogs (shapeshifter)
  26 spiny frogs
  3 rime drakes
  38 yaktaurs
  A spriggan zombie (Zig:8)
  2 anaconda simulacra (IceCv)
  An elf zombie (Zig:12)
  2 emperor scorpion zombies
  9 efreet
  33 freezing wraiths
  27 demonic crawlers
  3 komodo dragons
  10 human skeletons
  35 ice devils
  A minotaur skeleton (Dis:7)
  3 ancient zymes
  4 hydra zombies
  A jumping spider (shapeshifter) (Depths:3)
  56 tormentors
  45 guardian mummies
  4 tengu conjurers
  10 trolls
  20 hellwings
  2 silent spectres (Tar:7)
  A merfolk (shapeshifter) (Zig:16)
  36 red devils
  2 harpy zombies
  A golden dragon simulacrum (IceCv)
  11 wind drakes
  40 merfolk
  3 meliai (Abyss:3)
  A meliai (shapeshifter) (Depths:2)
  32 jumping spiders
  8 polar bears
  A queen bee (Abyss:3)
  3 harpy skeletons
  2 dream sheep (Shoals:2)
  3 alligator zombies
  2 hydra skeletons
  3 bog bodies
  5 fire dragon zombies
  21 hornets
  4 ettin zombies
  A hippogriff (shapeshifter) (Depths:3)
  3 raiju
  6 snapping turtles
  8 hippogriffs
  3 tyrant leeches
  23 blink frogs
  5 ice dragon zombies
  39 large abominations
  A raiju (shapeshifter) (Vaults:2)
  A stone giant simulacrum (Crypt:3)
  102 slime creatures
  5 black mamba zombies
  7 ettin skeletons
  2 alligator skeletons
  22 water elementals
  4 ice dragon skeletons
  172 flying skulls
  20 ynoxinuls
  71 redbacks
  2 basilisks (Lair:6)
  4 wyverns
  5 air elementals
  A tarantella (shapeshifter) (Elf:2)
  33 wraiths
  42 yaks
  29 shadows
  2 elf skeletons
  2 dire elephant simulacra (IceCv)
  21 ushabtiu
  21 chaos spawn
  15 fire elementals
  3 fire dragon skeletons
  30 tarantellas
  A yak (shapeshifter) (Depths:1)
  2 hogs (D:8)
  A human (shapeshifter) (Vaults:1)
  A human (D:8)
  4 black mamba skeletons
  22 golden eyes
  3 fire bats (Pan)
  3 hungry ghosts
  7 vampire mosquitoes
  26 neqoxecs
  An emperor scorpion simulacrum (Crypt:3)
  2 human simulacra
  2 steam dragons
  3 harpy simulacra (IceCv)
  3 spatial vortices
  6 small abominations
  An insubstantial wisp (Zig:7)
  5 merfolk zombies
  11 wargs
  A naga (Depths:2)
  14 water moccasins
  An acid dragon (Vaults:1)
  5 hydra simulacra
  A soldier ant (shapeshifter) (Vaults:1)
  4 floating eyes
  7 spiny frog zombies
  58 hell hounds
  4 swamp drakes
  4 porcupines
  5 sky beasts
  5 spiny frog skeletons
  2 black bears
  12 necrophages
  9 ice beasts
  54 orc warriors
  3 manticore zombies
  9 phantoms
  16 eyes of draining
  2 ettin simulacra
  3 snapping turtle zombies
  43 ogres
  6 boggarts
  3 swamp dragon skeletons
  14 centaurs
  5 snapping turtle skeletons
  14 crocodiles
  A rime drake zombie (Crypt:2)
  2 yaktaur zombies
  3 big kobolds
  19 bullfrogs
  A hippogriff zombie (Crypt:1)
  A gnoll sergeant (D:12)
  4 earth elementals
  A spiny frog simulacrum (Coc:7)
  A scorpion (shapeshifter) (Vaults:5)
  A queen bee zombie (Crypt:2)
  A shapeshifter zombie (Crypt:2)
  4 scorpions
  17 killer bees
  A swamp dragon simulacrum (Crypt:3)
  3 electric eels
  15 jellies
  44 wights
  A troll skeleton (Tar:7)
  A howler monkey (D:14)
  14 crimson imps
  A lava snake (D:8)
  4 centaur zombies
  3 human zombies
  8 hounds
  A bullfrog skeleton (D:7)
  27 orc priests
  46 orc wizards
  7 centaur skeletons
  27 iron imps
  A demonspawn skeleton (Crypt:1)
  5 iguanas
  A hell rat (D:9)
  12 worker ants
  3 naga zombies
  A tengu skeleton (Crypt:1)
  2 hound skeletons
  A hound zombie (D:5)
  59 mummies
  A howler monkey zombie (D:11)
  A worker ant zombie (D:7)
  A howler monkey skeleton (D:9)
  7 gnolls
  12 adders
  A river rat (D:9)
  10 shadow imps
  9 white imps
  An ufetubus (Pan)
  12 oozes
  2 adder skeletons
  An adder zombie (D:9)
  3 worms
  A dart slug (D:1)
  3 leopard geckos
  123 orcs
  6 bats
  A bat skeleton (Crypt:1)
  A bat zombie (Crypt:2)
  9 giant cockroaches
  10 goblins
  5 hobgoblins
  4 jackals
  21 kobolds
  6 quokkas
  2 ball pythons
  4 frilled lizards
  A leopard gecko skeleton (Crypt:1)
  An orc skeleton (Crypt:1)
  An orc zombie (Crypt:3)
  A quokka skeleton (D:5)
  2 quokka zombies
  7 rats
  3 fire vortices
  A lurking horror (Abyss:3)
  3 plants
  A starspawn tentacle (Zig:17)
  2 tentacles
4918 creatures vanquished.

Vanquished Creatures (collateral kills)
  2 ancient liches
  Mara (Vaults:4)
  An orb of fire (Zot:4)
  2 juggernauts
  3 pandemonium lords
  5 greater mummies
  2 shard shrikes
  3 Killer Klowns (Zot:5)
  Nikola (Shoals:4)
  5 golden dragons
  A profane servitor (Tomb:1)
  2 iron giants (Dis:7)
  3 bone dragons
  2 Brimstone Fiends
  A lich (Abyss:3)
  4 Tzitzimimeh
  7 Orb Guardians (Zot:5)
  3 tentacled monstrosities
  3 Ice Fiends
  Jorgrun (D:12)
  3 titans
  2 deep elf blademasters (Elf:3)
  A quicksilver dragon (Dis:7)
  2 Executioners (Pan)
  A sphinx (Zig:14)
  3 ancient champions
  2 storm dragons
  3 shadow dragons
  3 revenants
  Donald (Elf:1)
  2 draconian monks
  3 tengu reavers
  A draconian knight (Zot:3)
  A fire giant (Depths:5)
  5 azure jellies
  An orc warlord (Orc:2)
  2 emperor scorpions (Spider:4)
  A blood saint (Tomb:1)
  An iron dragon (Depths:3)
  2 corrupters
  3 ghost moths
  2 balrugs (Pan)
  A draconian shifter (Zot:4)
  2 spriggan defenders
  An angel (Tomb:1)
  4 reapers
  A ghoul (Zig:10)
  3 ironheart preservers
  3 war gargoyles
  7 very ugly things
  2 stone giants
  2 entropy weavers
  3 vampire knights
  2 deep elf demonologists (Elf:3)
  A black draconian (Zot:3)
  4 green draconians
  2 yellow draconians
  A black sun (Pan)
  2 red draconians
  2 lorocyprocas (Pan)
  A white draconian (Depths:5)
  5 death oozes (Slime:5)
  2 merfolk impalers
  3 mummy priests
  2 eidola
  A yaktaur captain (Vaults:2)
  A deep elf high priest (Elf:3)
  A fire dragon (Depths:3)
  2 jiangshi (Crypt:3)
  2 blizzard demons (Pan)
  A rakshasa (Tomb:2)
  An ice dragon (Depths:2)
  3 vault guards
  2 catoblepae (Lair:6)
  A hydra (Zig:20)
  A deep troll shaman (Depths:3)
  A dancing weapon (Elf:1)
  2 ogre magi
  2 two-headed ogres
  2 vampire magi
  A death scarab (Tomb:2)
  3 hell hogs
  2 thrashing horrors (Abyss:3)
  2 death yaks
  3 sun demons
  A soul eater (Hell)
  3 large abominations
  2 wretched stars (Abyss:3)
  12 skeletal warriors
  4 hell knights
  A sea snake (Shoals:2)
  A gelid demonspawn (Tomb:3)
  2 flayed ghosts
  3 phantasmal warriors
  A swamp dragon (Zig:13)
  A spriggan druid (Zig:20)
  2 deep elf magi
  An iron dragon zombie (Tar:7)
  An orc knight (Zig:14)
  An ironbrand convoker (Vaults:5)
  4 harpies
  3 fauns
  7 ugly things
  An orc sorcerer (Orc:2)
  A manticore (Lair:6)
  2 orb spiders
  A merfolk siren (Shoals:2)
  A rust devil (Dis:7)
  A smoke demon (Pan)
  3 moths of wrath
  A stone giant skeleton (Vaults:3)
  A frost giant skeleton (Zig:12)
  A water nymph (Shoals:2)
  2 human skeletons (Vaults:3)
  A spiny frog (Lair:5)
  2 yaktaurs
  2 demonic crawlers
  2 guardian mummies (Tomb:3)
  A troll (Zig:15)
  A red devil (Tomb:1)
  A harpy zombie (Tar:5)
  An ice devil (Tomb:3)
  A tormentor (Tomb:3)
  3 merfolk
  A harpy skeleton (Pan)
  2 meliai (Abyss:3)
  A hornet (D:8)
  5 blink frogs
  5 jumping spiders
  A tyrant leech (Zig:13)
  3 slime creatures
  A snapping turtle (Shoals:1)
  A hippogriff (Shoals:1)
  2 shadows (Tar:7)
  6 flying skulls (Tar:7)
  2 tarantellas
  9 redbacks
  9 yaks
  2 ynoxinuls
  A water elemental (Shoals:4)
  4 ushabtiu
  A basilisk (Lair:6)
  2 golden eyes
  A hog (D:8)
  A small abomination (Abyss:3)
  A chaos spawn (Pan)
  A vampire mosquito (Zig:13)
  Duvessa (D:5)
  A water moccasin (D:5)
  A hell hound (Volcano)
  7 orc warriors
  Purgy (Sewer)
  2 eyes of draining
  An ice beast (D:8)
  2 ogres
  A phantom (D:7)
  A bullfrog (D:9)
  Dowan (D:5)
  A killer bee (Abyss:3)
  A crimson imp (D:14)
  An orc priest (D:6)
  A bullfrog skeleton (D:5)
  2 orc wizards
  2 mummies (Tomb:2)
  An adder (D:6)
  3 orcs
  A butterfly (D:5)
  A fungus (Lair:6)
362 creatures vanquished.

Vanquished Creatures (others)
  A lich (Depths:3)
  3 eldritch tentacles
  A balrug (Geh:7)
  A ghost moth (Zig:20)
  A very ugly thing (Vaults:5)
  2 elemental wellsprings (Coc:7)
  A blood saint (Tomb:3)
  2 blizzard demons
  A merfolk javelineer (Zig:20)
  A merfolk impaler (Shoals:4)
  A hydra (Zig:20)
  An alligator snapping turtle (Zig:20)
  A merfolk aquamancer (Zig:20)
  2 satyrs
  An alligator (Zig:20)
  A hell hog (Dis:4)
  A sun demon (Geh:7)
  A shadow wraith (Vaults:4)
  A sixfirhy (Zig:17)
  An obsidian statue (Zig:17)
  2 deep elf archers (Elf:1)
  A deep elf mage (Elf:2)
  2 cyclopes
  2 fauns
  A manticore (Shoals:1)
  A moth of wrath (Zot:4)
  A guardian serpent (Zig:20)
  6 yaktaurs
  A red devil (Pan)
  4 merfolk
  3 flying skulls
  A tarantella (Spider:4)
  A shadow (Zig:13)
  A chaos spawn (Tomb:1)
  A naga (Zig:20)
  An orc warrior (Elf:1)
  10 ball lightnings (Pan)
  An orc (Orc:2)
  A bush (Lair:4)
  A fire vortex (Geh:7)
  10 fungi
  A lurking horror (Abyss:3)
  18 plants
  2 starspawn tentacles (Zig:17)
  18 tentacles
  4 withered plants (Vaults:3)
120 creatures vanquished.

Grand Total: 5400 creatures vanquished

Notes
Turn   | Place    | Note
-------+----------+-------------------------------------------
     0 | D:1      | Aviak the Demonspawn Fire Elementalist began the quest for
                  | the Orb.
     0 | D:1      | Reached XP level 1. HP: 13/13 MP: 3/3
   580 | D:1      | Gained mutation: You are partially covered in yellow
                  | scales. (AC +2) [demonic ancestry]
   580 | D:1      | Reached XP level 2. HP: 7/19 MP: 5/5
   934 | D:1      | Learned a level 2 spell: Throw Flame
  1148 | D:1      | Reached XP level 3. HP: 22/24 MP: 6/6
  1153 | D:1      | Learned a level 3 spell: Conjure Flame
  1279 | D:2      | Found a hide-covered altar of Uskayaw.
  1293 | D:2      | Became a worshipper of Uskayaw the Reveler
  1326 | D:2      | Reached * piety under Uskayaw
  1342 | D:2      | Found a glowing golden altar of the Shining One.
  1847 | D:2      | Found a radiant altar of Vehumet.
  1921 | D:3      | Reached ** piety under Uskayaw
  1923 | D:3      | Reached *** piety under Uskayaw
  1925 | D:3      | Gained mutation: A weak demonic guardian rushes to your
                  | aid. [demonic ancestry]
  1925 | D:3      | Reached XP level 4. HP: 18/30 MP: 6/8
  1931 | D:3      | HP: 1/30 [orc wizard/+0 dagger (2)]
  1941 | D:3      | Reached **** piety under Uskayaw
  1945 | D:3      | Reached XP level 5. HP: 16/35 MP: 0/9
  2068 | D:3      | Found a burning altar of Makhleb.
  2578 | D:4      | Noticed a phantom
  2632 | D:4      | Killed a phantom
  2632 | D:4      | Reached XP level 6. HP: 10/41 MP: 7/10
  2768 | D:3      | Learned a level 4 spell: Sticky Flame
  3367 | D:4      | Found a staircase to the Ecumenical Temple.
  3647 | D:5      | Entered Level 5 of the Dungeon
  3653 | D:5      | Gained mutation: You are mostly covered in yellow scales.
                  | (AC +3) [demonic ancestry]
  3653 | D:5      | Reached XP level 7. HP: 42/46 MP: 5/11
  3653 | D:5      | Noticed Duvessa
  3654 | D:5      | Noticed Dowan
  3659 | D:5      | Killed Duvessa
  3659 | D:5      | Reached skill level 1 in Invocations
  3662 | D:5      | Killed Dowan
  3674 | D:5      | Reached skill level 1 in Fighting
  4170 | D:5      | Reached skill level 2 in Fighting
  4170 | D:5      | Reached skill level 5 in Fire Magic
  4351 | D:5      | Found a shimmering altar of Xom.
  4810 | D:6      | Gained mutation: You are slightly more attuned to the
                  | shadows. [demonic ancestry]
  4810 | D:6      | Reached XP level 8. HP: 49/57 MP: 12/12
  4850 | D:6      | Reached skill level 5 in Conjurations
  5032 | D:6      | Reached skill level 3 in Fighting
  5252 | D:6      | Reached skill level 5 in Invocations
  5353 | D:6      | Found a glowing drain.
  5372 | Sewer    | Entered a sewer
  5421 | Sewer    | Noticed Purgy
  5428 | Sewer    | Killed Purgy
  5428 | Sewer    | Reached skill level 4 in Fighting
  6459 | D:7      | Reached XP level 9. HP: 36/65 MP: 11/13
  6465 | D:7      | Reached ***** piety under Uskayaw
  6728 | D:7      | Found a basalt altar of Yredelemnul.
  6950 | D:8      | Found a blossoming altar of Fedhas.
  6955 | D:8      | Paralysed by a hornet for 2 turns
  6955 | D:8      | Reached skill level 1 in Armour
  7148 | D:8      | Found a flagged portal.
  7160 | Bailey   | Entered a bailey
  7534 | Bailey   | Learned a level 5 spell: Fireball
  8250 | Bailey   | Found a roughly hewn altar of Beogh.
  8250 | Bailey   | Noticed an orc knight
  8283 | Bailey   | Killed an orc knight
  8712 | D:8      | Gained mutation: You have a pair of small horns on your
                  | head. [demonic ancestry]
  8712 | D:8      | Reached XP level 10. HP: 73/73 MP: 17/17
  8729 | D:8      | Found a sparkling altar of Nemelex Xobeh.
  9350 | D:8      | Reached skill level 5 in Spellcasting
  9567 | D:8      | Reached skill level 6 in Fighting
  9567 | D:8      | Reached skill level 5 in Armour
  9567 | D:8      | Reached XP level 11. HP: 83/83 MP: 18/18
 10248 | D:9      | Reached skill level 7 in Fighting
 10464 | D:9      | Noticed a death yak
 10478 | D:9      | Noticed a death yak
 10478 | D:9      | Noticed a death yak
 10479 | D:9      | Killed a death yak
 10495 | D:9      | Killed a death yak
 10501 | D:9      | Killed a death yak
 10597 | D:9      | Noticed a two-headed ogre
 10638 | D:9      | Learned a level 3 spell: Inner Flame
 10775 | D:9      | Killed a two-headed ogre
 11361 | D:9      | Reached skill level 10 in Conjurations
 11806 | D:9      | Found a staircase to the Lair.
 11989 | D:10     | Entered Level 10 of the Dungeon
 12046 | D:10     | Reached skill level 8 in Fighting
 12386 | D:10     | Found a staircase to the Orcish Mines.
 12431 | D:10     | Noticed a two-headed ogre
 12449 | D:10     | Killed a two-headed ogre
 12449 | D:10     | Gained mutation: You are completely covered in yellow
                  | scales. (AC +4, rCorr) [demonic ancestry]
 12449 | D:10     | Reached XP level 12. HP: 92/92 MP: 15/19
 13079 | D:10     | Found a white marble altar of Elyvilon.
 13336 | D:11     | Reached skill level 1 in Long Blades
 13338 | D:11     | Noticed Fannar
 13350 | D:11     | Killed Fannar
 13432 | D:11     | Reached skill level 10 in Fire Magic
 13445 | D:11     | Noticed Nergalle
 13722 | D:11     | Killed Nergalle
 13722 | D:11     | Reached skill level 5 in Dodging
 13852 | D:11     | Noticed a two-headed ogre
 13907 | D:11     | Killed a two-headed ogre
 14632 | D:11     | Noticed a six-headed hydra
 14639 | D:11     | Killed a seven-headed hydra
 15417 | Lair:1   | Entered Level 1 of the Lair of Beasts
 16616 | Lair:2   | Reached skill level 5 in Long Blades
 16618 | Lair:2   | Reached skill level 10 in Invocations
 16623 | Lair:2   | Gained mutation: You have a pair of horns on your head.
                  | [demonic ancestry]
 16623 | Lair:2   | Reached XP level 13. HP: 47/98 MP: 5/20
 17758 | Lair:3   | Found a staircase to the Shoals.
 18248 | Lair:3   | Got a faintly humming ring mail
 18259 | Lair:3   | Identified the cursed +0 ring mail "Tydwunum" {rPois rCorr
                  | SInv Stlth+} (You found it on level 3 of the Lair of
                  | Beasts)
 18445 | Lair:3   | Found a hole to the Spider Nest.
 18678 | Lair:4   | Reached ****** piety under Uskayaw
 18703 | Lair:4   | Found a dark tunnel.
 18835 | Volcano  | Entered a volcano
 19745 | Lair:4   | Found a transporter.
 19745 | Lair:4   | Noticed Zaegoraum's ghost (journeyman DsAK)
 19759 | Lair:4   | Found a transporter.
 21646 | Lair:6   | Entered Level 6 of the Lair of Beasts
 21730 | Lair:6   | Gained mutation: A demonic guardian rushes to your aid.
                  | [demonic ancestry]
 21730 | Lair:6   | Reached XP level 14. HP: 92/106 MP: 23/23
 21806 | Lair:6   | Reached skill level 9 in Fighting
 23903 | Lair:6   | Got a scorched glass ring
 24074 | Lair:6   | Found a viscous altar of Jiyva.
 24076 | Lair:6   | Identified the ring "Raeniatyi" {MP+9 Dex+4} (You found it
                  | on level 6 of the Lair of Beasts)
 24078 | Lair:6   | Found a staircase to the Slime Pits.
 24384 | Orc:1    | Entered Level 1 of the Orcish Mines
 24412 | Orc:1    | Reached skill level 10 in Fighting
 24899 | Orc:2    | Entered Level 2 of the Orcish Mines
 25370 | Orc:2    | Noticed an orc warlord
 25388 | Orc:2    | Killed an orc warlord
 25388 | Orc:2    | Reached skill level 10 in Armour
 25671 | Orc:2    | Paralysed by an orc sorcerer for 7 turns
 25914 | Orc:2    | Found Yjileck's Antique Armour Shop.
 25914 | Orc:2    | Found Lobistap's General Store.
 25915 | Orc:2    | Found Nurukho's General Store.
 25917 | Orc:2    | Found Upytsud's Antique Weapon Shop.
 25928 | Orc:2    | Bought the +3 warlock's mirror {reflect} for 1440 gold
                  | pieces
 25928 | Orc:2    | Found the +3 warlock's mirror {reflect}
 25935 | Orc:2    | Bought a scroll of teleportation for 39 gold pieces
 25935 | Orc:2    | Bought a scroll of teleportation for 39 gold pieces
 26204 | Orc:2    | Found a staircase to the Elven Halls.
 26440 | Orc:1    | Reached skill level 1 in Shields
 26688 | D:12     | Noticed Josephine
 26699 | D:12     | Killed Josephine
 26968 | D:12     | Noticed Jorgrun
 26978 | D:12     | Killed Jorgrun
 27772 | D:13     | Reached XP level 15. HP: 117/117 MP: 19/24
 27944 | D:13     | Found Liageo's Antique Armour Emporium.
 27978 | D:13     | Found Ydojit's Antique Armour Shop.
 27985 | D:13     | Bought an ancient shield for 323 gold pieces
 27995 | D:13     | Identified the +0 shield of Monotheism {rPois rF+ Int+2}
                  | (You bought it in a shop on level 13 of the Dungeon)
 28062 | D:13     | Found Kujuk's Gadget Shoppe.
 28185 | D:13     | Found Hobell's Antique Armour Emporium.
 28950 | D:13     | Found a gate to the Vaults.
 28967 | D:13     | Reached skill level 10 in Long Blades
 29085 | D:13     | Reached skill level 11 in Fighting
 30132 | D:14     | You fall into a shaft and drop 1 floor!
 30132 | D:15     | Entered Level 15 of the Dungeon
 31159 | D:15     | Found a staircase to the Depths.
 31643 | Spider:1 | Entered Level 1 of the Spider Nest
 31950 | Spider:1 | Got a faintly glowing silver ring
 31977 | Spider:1 | Noticed a ghost moth
 31994 | Spider:1 | Killed a ghost moth
 32396 | Spider:1 | Identified the ring of Ru's Pride {rElec rC+ Dex+3} (You
                  | found it on level 1 of the Spider Nest)
 32420 | Spider:1 | Reached skill level 12 in Fighting
 33307 | Spider:2 | Noticed a ghost moth
 33313 | Spider:2 | Gained mutation: Your flesh is heat resistant. (rF+)
                  | [demonic ancestry]
 33313 | Spider:2 | Reached XP level 16. HP: 103/127 MP: 2/28
 33466 | Spider:2 | Found a frozen archway.
 33490 | IceCv    | Entered an ice cave
 34758 | IceCv    | Noticed an Ice Fiend
 34769 | IceCv    | Killed an Ice Fiend
 36203 | Spider:3 | Reached skill level 13 in Fighting
 36849 | Spider:3 | Reached skill level 10 in Spellcasting
 37678 | Spider:4 | Entered Level 4 of the Spider Nest
 39196 | Spider:4 | Gained mutation: You have a pair of large horns on your
                  | head. [demonic ancestry]
 39196 | Spider:4 | Reached XP level 17. HP: 124/138 MP: 8/31
 39662 | Spider:4 | Reached skill level 14 in Fighting
 40059 | Spider:4 | Found a runed translucent door.
 40059 | Spider:4 | Noticed Aviun's ghost (adept SpEn)
 40119 | Spider:4 | Killed Aviun's ghost
 40123 | Spider:4 | Identified the amulet "Buen" {Acrobat MR+} (You found it on
                  | level 4 of the Spider Nest)
 40155 | Spider:4 | Learned a level 3 spell: Regeneration
 40332 | Spider:4 | Got a gossamer rune of Zot
 40451 | Shoals:1 | Entered Level 1 of the Shoals
 40493 | Shoals:1 | Reached skill level 1 in Necromancy
 40555 | Shoals:1 | Reached skill level 1 in Charms
 40809 | Shoals:1 | Found an opulent altar of Gozag.
 41509 | Shoals:2 | Learned a level 5 spell: Borgnjor's Vile Clutch
 41531 | Shoals:2 | Noticed Aizul
 41538 | Shoals:2 | Killed Aizul
 41538 | Shoals:2 | Reached skill level 5 in Necromancy
 41541 | Shoals:2 | Reached skill level 1 in Earth Magic
 42378 | Shoals:2 | Noticed Polyphemus
 42401 | Shoals:2 | Killed Polyphemus
 43031 | Shoals:3 | Found Leojel's Antique Armour Emporium.
 43411 | Shoals:3 | Bought a brightly glowing cloak for 380 gold pieces
 43421 | Shoals:3 | Identified the +0 cloak "Divesada" {-Tele rN+++ MR- rCorr}
                  | (You bought it in a shop on level 3 of the Shoals)
 44132 | Shoals:3 | Noticed a kraken
 44151 | Shoals:3 | Killed a kraken
 44309 | Shoals:3 | Gained mutation: You are significantly more attuned to the
                  | shadows. [demonic ancestry]
 44309 | Shoals:3 | Reached XP level 18. HP: 148/148 MP: 32/32
 44487 | Shoals:4 | Entered Level 4 of the Shoals
 44487 | Shoals:4 | Noticed Nikola
 44495 | Shoals:4 | Killed Nikola
 45035 | Shoals:4 | Reached skill level 15 in Fighting
 45942 | Shoals:4 | Reached skill level 5 in Earth Magic
 46031 | Shoals:4 | Reached skill level 10 in Necromancy
 46376 | Shoals:4 | Got a barnacled rune of Zot
 47565 | Vaults:1 | Entered Level 1 of the Vaults
 47858 | Vaults:1 | Found a flickering gateway to a bazaar.
 47870 | Bazaar   | Entered a bazaar
 47870 | Bazaar   | Found Ycynyef's Antique Weapon Emporium.
 47957 | Bazaar   | Found Neuloha's General Store.
 47966 | Bazaar   | Found Reas's Jewellery Boutique.
 47979 | Bazaar   | Found Wywy's Distillery.
 47996 | Bazaar   | Found Oroguant's Antique Armour Shop.
 48041 | Bazaar   | Bought a potion of haste for 90 gold pieces
 48041 | Bazaar   | Bought 2 potions of heal wounds for 90 gold pieces
 48041 | Bazaar   | Bought a potion of haste for 90 gold pieces
 48055 | Bazaar   | Bought the ring of Vuvihaeha {rPois rC+ rN+ rCorr Int-2}
                  | for 382 gold pieces
 49269 | Vaults:1 | Reached skill level 16 in Fighting
 49882 | Vaults:1 | Gained mutation: You are completely attuned to the shadows.
                  | [demonic ancestry]
 49882 | Vaults:1 | Reached XP level 19. HP: 138/157 MP: 21/33
 50325 | Vaults:2 | Found Bizedov's Book Shop.
 50561 | Vaults:2 | Noticed Mennas
 50577 | Vaults:2 | Killed Mennas
 50866 | Vaults:2 | Learned a level 5 spell: Aura of Abjuration
 50901 | Vaults:2 | Noticed Xtahua
 50928 | Vaults:2 | Killed Xtahua
 50928 | Vaults:2 | Reached skill level 1 in Summonings
 51344 | Vaults:2 | Noticed Agnes
 51354 | Vaults:2 | Killed Agnes
 53019 | Vaults:3 | Reached skill level 5 in Shields
 53236 | Vaults:3 | Found a runed translucent gate.
 53236 | Vaults:3 | Found a runed translucent gate.
 53236 | Vaults:3 | Found a runed translucent gate.
 53237 | Vaults:3 | Noticed Ukiefoc's ghost (adept DrFE)
 53238 | Vaults:3 | Noticed Zotwa's ghost (adept GnSk)
 53646 | Vaults:3 | Reached skill level 17 in Fighting
 53646 | Vaults:3 | Reached skill level 5 in Summonings
 53958 | Vaults:3 | Reached XP level 20. HP: 154/168 MP: 30/34
 53998 | Vaults:3 | Found a staircase to the Crypt.
 54306 | Vaults:3 | Noticed handsome's ghost (veteran OpWn)
 55018 | Vaults:4 | Noticed Mara
 55029 | Vaults:4 | Noticed Aviak's illusion
 55059 | Vaults:4 | Noticed Aviak's illusion
 55061 | Vaults:4 | Noticed Aviak's illusion
 55071 | Vaults:4 | Noticed Aviak's illusion
 55084 | Vaults:4 | Killed Mara
 55335 | Vaults:4 | Got a smoking cloak
 55346 | Vaults:4 | Identified the +0 cloak of Focus {rF+ Dex-3 Stlth+} (You
                  | found it on level 4 of the Vaults)
 55736 | Vaults:4 | Noticed Saint Roka
 55745 | Vaults:4 | Killed Saint Roka
 57338 | Elf:1    | Entered Level 1 of the Elven Halls
 57354 | Elf:1    | Reached skill level 18 in Fighting
 57909 | Elf:1    | Noticed Donald
 57917 | Elf:1    | Killed Donald
 58106 | Elf:1    | Found a runed translucent gate.
 58106 | Elf:1    | Found a runed translucent gate.
 58106 | Elf:1    | Found a runed translucent gate.
 58112 | Elf:1    | Found a runed translucent gate.
 58113 | Elf:1    | Found a runed translucent gate.
 58311 | Elf:1    | Found a runed translucent gate.
 59436 | Elf:2    | Gained mutation: A powerful demonic guardian rushes to your
                  | aid. [demonic ancestry]
 59436 | Elf:2    | Reached XP level 21. HP: 178/178 MP: 35/35
 59724 | Elf:2    | Found a runed translucent gate.
 59724 | Elf:2    | Found a runed translucent gate.
 59724 | Elf:2    | Found a runed translucent gate.
 60064 | Elf:2    | Reached skill level 10 in Shields
 60436 | Elf:3    | Entered Level 3 of the Elven Halls
 60874 | Elf:3    | Reached skill level 19 in Fighting
 61599 | Elf:3    | Cast into level 3 of the Abyss (a deep elf sorcerer)
 62193 | Abyss:3  | Got an abyssal rune of Zot
 62233 | Elf:3    | Escaped the Abyss
 62529 | Elf:3    | Identified the +4 scimitar of Gravity {freeze, Str+2}
 62531 | Elf:3    | Identified the +4 scale mail of the Pleiades {Regen+ rCorr
                  | Str-3 Slay+3}
 62543 | Elf:3    | Identified the +5 short sword "Bitasho" {pain, Str+4 Dex+3}
 62951 | Elf:3    | Identified the ring of Obbotir {Wiz rC++ MR- Str+4}
 62957 | Elf:3    | Identified the cursed +1 war axe of Interdependent Arising
                  | {speed, *Drain Int+7 Dex+4}
 62957 | Elf:3    | Identified the +2 robe of the Earth {+Inv Int+4}
 63151 | Elf:3    | Identified the Papyrus of the Fetching Voyage
 63675 | Vaults:2 | Bought a book of Fire for 1105 gold pieces
 63842 | Depths:1 | Entered Level 1 of the Depths
 63848 | Depths:1 | Found Cueshu Dagho's Jewellery Shoppe.
 63850 | Depths:1 | Found Cemnumn's General Store.
 63850 | Depths:1 | Found Ewuyw's Food Shoppe.
 63853 | Depths:1 | Found Padiomn's Magic Scroll Emporium.
 63858 | Depths:1 | Bought a scroll of blinking for 127 gold pieces
 63858 | Depths:1 | Bought a scroll of blinking for 127 gold pieces
 64017 | Depths:1 | Gained mutation: You are immune to clouds of flame.
                  | [demonic ancestry]
 64017 | Depths:1 | Reached XP level 22. HP: 187/187 MP: 31/36
 64293 | Depths:1 | Found a gateway to Hell.
 64664 | Depths:1 | You fall into a shaft and drop 1 floor!
 64798 | Depths:2 | Noticed a juggernaut
 64814 | Depths:2 | Killed a juggernaut
 64849 | Depths:2 | Found Yzezo's Serpentskin Sales.
 65180 | Depths:2 | Noticed a caustic shrike
 65193 | Depths:2 | Killed a caustic shrike
 65499 | Depths:2 | Identified the +5 long sword of Wikatiam {flame, rPois
                  | rC+++ MR- Str-5} (You found it on level 2 of the Depths)
 65525 | Depths:2 | Paralysed by a sphinx for 6 turns
 65814 | Depths:2 | Found Pufuo's Jewellery Boutique.
 65845 | Depths:2 | Found a one-way gate leading to the halls of Pandemonium.
 66846 | Depths:3 | Noticed a greater mummy
 66862 | Depths:3 | Killed a greater mummy
 66886 | Depths:3 | Noticed a greater mummy
 66889 | Depths:3 | Noticed a greater mummy
 66893 | Depths:3 | Killed a greater mummy
 66898 | Depths:3 | Killed a greater mummy
 66898 | Depths:3 | Reached skill level 15 in Shields
 66900 | Depths:3 | Found the +7 sceptre of Torment {pain, torment}
 67129 | Depths:3 | Reached XP level 23. HP: 167/191 MP: 22/37
 67634 | Depths:4 | Learned a level 8 spell: Ignition
 67813 | Depths:4 | Noticed a juggernaut
 67842 | Depths:4 | Killed a juggernaut
 68407 | Depths:4 | Found a one-way gate to the infinite horrors of the Abyss.
 68418 | Depths:4 | You fall into a shaft and drop 1 floor!
 68418 | Depths:5 | Entered Level 5 of the Depths
 68439 | Depths:5 | Found a gateway to a ziggurat.
 68715 | Depths:5 | Found a flickering gateway to a bazaar.
 68727 | Bazaar   | Entered a bazaar
 68853 | Bazaar   | Found Toufuiz's Antique Armour Shoppe.
 68881 | Bazaar   | Found Hithad's Antique Armour Emporium.
 68881 | Bazaar   | Found Rephyubi's General Store.
 68902 | Bazaar   | Found Cudoxinler's Antique Weapon Emporium.
 68902 | Bazaar   | Found Mauch's Gadget Shoppe.
 68967 | Bazaar   | Bought a faintly humming leather armour for 231 gold pieces
 68977 | Bazaar   | Identified the +3 leather armour of Rainkil {rC++ MP-9
                  | Str+3} (You bought it in a shop in a bazaar)
 68993 | Bazaar   | Bought a potion of haste for 130 gold pieces
 68993 | Bazaar   | Bought a potion of mutation for 104 gold pieces
 69077 | Depths:5 | Found an iron altar of Okawaru.
 69644 | Depths:5 | Found a gate to the Realm of Zot.
 70609 | Crypt:1  | Entered Level 1 of the Crypt
 71641 | Crypt:2  | Found an ancient bone altar of Kikubaaqudgha.
 71955 | Crypt:2  | Reached skill level 15 in Armour
 72162 | Crypt:2  | Gained mutation: You can hurl damnation. [demonic ancestry]
 72162 | Crypt:2  | Reached XP level 24. HP: 46/198 MP: 27/38
 72173 | Crypt:2  | Reached skill level 15 in Fire Magic
 73306 | Crypt:3  | Entered Level 3 of the Crypt
 73502 | Crypt:3  | Paralysed by a vampire knight for 2 turns
 73512 | Crypt:3  | Found an ancient bone altar of Kikubaaqudgha.
 73821 | Crypt:3  | Noticed Khufu
 73825 | Crypt:3  | Killed Khufu
 74316 | Crypt:3  | Identified the ring "Naivoyh" {Wiz rPois MR+ Str-4 Dex+4}
 74538 | Crypt:3  | Noticed Jory
 74560 | Crypt:3  | Killed Jory
 74803 | Crypt:3  | Found a staircase to the Tomb.
 76180 | Vaults:5 | Entered Level 5 of the Vaults
 76660 | Vaults:5 | Reached XP level 25. HP: 125/204 MP: 28/40
 77765 | Vaults:5 | Identified the +7 rapier "Rataujiy" {speed, *Contam rF++
                  | rC+++ MR-}
 78226 | Vaults:5 | Found Kafadus's General Store.
 78231 | Vaults:5 | Bought a scroll of enchant weapon for 105 gold pieces
 78233 | Vaults:5 | Found Plog's Gadget Shoppe.
 78241 | Vaults:5 | Found Liov Xaa's Jewellery Boutique.
 78243 | Vaults:5 | Found Ekluubex's Book Emporium.
 78667 | Vaults:5 | Got a silver rune of Zot
 78926 | Vaults:5 | Bought a book of the Warp for 2070 gold pieces
 79029 | Vaults:3 | Killed Ukiefoc's ghost
 79125 | Vaults:2 | Bought a manual of Armour for 1876 gold pieces
 79474 | Slime:1  | Entered Level 1 of the Pits of Slime
 79806 | Slime:2  | Gained mutation: Your magical capacity is low. (-10% MP) [a
                  | shining eye]
 80659 | Slime:5  | Entered Level 5 of the Pits of Slime
 80934 | Slime:5  | Reached XP level 26. HP: 157/212 MP: 6/37
 81548 | Slime:5  | Gained mutation: Your magical capacity is very low. (-20%
                  | MP) [a shining eye]
 81830 | Slime:5  | Found a viscous altar of Jiyva.
 81881 | Slime:5  | Found the +7 Spriggan's Knife {stab, EV+4 Stlth+}
 81931 | Slime:5  | Noticed the Royal Jelly
 81974 | Slime:5  | Killed the Royal Jelly
 82150 | Slime:5  | Identified the ring "Pihesike" {*Tele rPois Int+2} (You
                  | found it on level 5 of the Pits of Slime)
 82166 | Slime:5  | Got a pair of crude gloves
 82172 | Slime:5  | Identified the +5 pair of gloves of Tulips {rF+} (You found
                  | it on level 5 of the Pits of Slime)
 82196 | Slime:5  | Identified Lom Lobon's Tome of Dislocation
 82199 | Slime:5  | Got a slimy rune of Zot
 82260 | Slime:5  | Identified Easy Wizardry
 82435 | Slime:5  | Identified the +7 plate armour of Freedom {+Inv rF+ rN+
                  | Str-3} (You found it on level 5 of the Pits of Slime)
 83273 | Hell     | Entered the Vestibule of Hell
 83335 | Hell     | Reached skill level 15 in Spellcasting
 83466 | Hell     | Noticed Geryon
 83489 | Hell     | Killed Geryon
 83798 | Hell     | Noticed Murray
 83823 | Hell     | Killed Murray
 84085 | Hell     | Found a gateway to the ashen valley of Gehenna.
 84416 | Hell     | Found a gateway to the Iron City of Dis.
 84674 | Hell     | Found a gateway to the decaying netherworld of Tartarus.
 84778 | Hell     | Found a gateway to the freezing wastes of Cocytus.
 84832 | Geh:1    | Entered Level 1 of Gehenna
 85385 | Geh:3    | You fall into a shaft and drop 1 floor!
 85405 | Geh:5    | You fall into a shaft and drop 1 floor!
 85530 | Geh:7    | Entered Level 7 of Gehenna
 86002 | Geh:7    | Reached XP level 27. HP: 168/220 MP: 9/34
 86334 | Geh:7    | Found the +3 giant club "Skullcrusher" {speed, Str+7}
 86836 | Geh:7    | Gained mutation: You occasionally shout uncontrollably at
                  | your foes. [mutagenic glow]
 86934 | Geh:7    | Identified the +7 sceptre of Asmodeus
 86934 | Geh:7    | Noticed Asmodeus
 86977 | Geh:7    | Killed Asmodeus
 87078 | Geh:7    | Found the +8 frozen axe "Frostbite" {freezing cloud, *Noise
                  | +Fly rC+}
 87098 | Geh:7    | Got a scorched turquoise ring
 87099 | Geh:7    | Identified the ring of Zicsauh {rN+ MR+ Dex+3} (You found
                  | it on level 7 of Gehenna)
 87118 | Geh:7    | Got an obsidian rune of Zot
 87626 | Dis:1    | Entered Level 1 of the Iron City of Dis
 89290 | Dis:5    | You fall into a shaft and drop 1 floor!
 89369 | Dis:7    | Entered Level 7 of the Iron City of Dis
 89816 | Dis:7    | Learned a level 6 spell: Statue Form
 89903 | Dis:7    | Reached skill level 1 in Transmutations
 91165 | Dis:7    | Reached skill level 5 in Transmutations
 92101 | Dis:7    | Reached skill level 10 in Earth Magic
 92372 | Dis:7    | Identified the Disquisition on Earth and Combat Magic
 92444 | Dis:7    | Found the +15 Maxwell's patent armour {-Cast -Tele rElec
                  | MR+ rCorr}
 92483 | Dis:7    | Identified the +3 chain mail of Xeneat {rN+ Str+4 Stlth-}
                  | (You found it on level 7 of the Iron City of Dis)
 92530 | Dis:7    | Identified Sif Muna's Incunabulum of Cankerous
                  | Transmutation
 93275 | Dis:7    | Identified the +4 staff of Dispater
 93275 | Dis:7    | Noticed Dispater
 93305 | Dis:7    | Killed Dispater
 93494 | Dis:7    | Reached skill level 10 in Transmutations
 93534 | Dis:7    | Got a sparkling bronze ring
 93535 | Dis:7    | Identified the ring "Geibuib" {rF++ rN+} (You found it on
                  | level 7 of the Iron City of Dis)
 93539 | Dis:7    | Got an iron rune of Zot
 93545 | Dis:7    | Got a transparent ivory ring
 93546 | Dis:7    | Identified the ring "Useykhle" {rPois rF- rN++ Str+2 SInv}
                  | (You found it on level 7 of the Iron City of Dis)
 94469 | Coc:1    | Entered Level 1 of Cocytus
 94917 | Coc:7    | Entered Level 7 of Cocytus
 95375 | Coc:7    | Noticed Antaeus
 95575 | Coc:7    | Identified the +5 scale mail of Youthful Indiscretion {rC+
                  | SInv} (You found it on level 7 of Cocytus)
 95610 | Coc:7    | Learned a level 9 spell: Shatter
 95965 | Coc:7    | Reached skill level 15 in Earth Magic
 96137 | Coc:7    | Killed Antaeus
 96311 | Coc:7    | Got an icy rune of Zot
 96410 | Tar:1    | Entered Level 1 of Tartarus
 96840 | Tar:2    | You fall into a shaft and drop 1 floor!
 96896 | Tar:5    | Paralysed by a vampire knight for 3 turns
 98084 | Tar:6    | You fall into a shaft and drop 1 floor!
 98084 | Tar:7    | Entered Level 7 of Tartarus
 99778 | Tar:7    | Noticed Ereshkigal
 99786 | Tar:7    | Killed Ereshkigal
 99803 | Tar:7    | Got a bone rune of Zot
 99994 | Depths:1 | Bought a ration for 60 gold pieces
 99994 | Depths:1 | Bought a ration for 60 gold pieces
 99994 | Depths:1 | Bought a ration for 60 gold pieces
 99994 | Depths:1 | Bought a ration for 60 gold pieces
 99994 | Depths:1 | Bought a ration for 60 gold pieces
 99994 | Depths:1 | Bought a ration for 60 gold pieces
 99997 | Depths:1 | Bought a scroll of teleportation for 51 gold pieces
 99997 | Depths:1 | Bought a scroll of teleportation for 51 gold pieces
100000 | Depths:1 | Bought a ration for 110 gold pieces
100000 | Depths:1 | Bought a scroll of acquirement for 1144 gold pieces
100108 | Depths:2 | Learned a level 1 spell: Apportation
100113 | Depths:2 | Learned a level 4 spell: Passage of Golubria
100114 | Pan      | Entered Pandemonium
100124 | Pan      | Reached skill level 1 in Translocations
100136 | Pan      | Noticed Reocyen the pandemonium lord
100146 | Pan      | Killed Reocyen the pandemonium lord
100320 | Pan      | Noticed Huneshror the pandemonium lord
100325 | Pan      | Killed Huneshror the pandemonium lord
100573 | Pan      | Gained mutation: You are clumsy. (Dex -2) [a cacodemon]
100705 | Pan      | Found a runed translucent door.
100715 | Pan      | Got a demonic rune of Zot
101485 | Pan      | Noticed Xaomix the pandemonium lord
101496 | Pan      | Killed Xaomix the pandemonium lord
102258 | Pan      | Gained mutation: You possess an exceptional clarity of
                  | mind. [a neqoxec]
102350 | Pan      | Reached skill level 20 in Fighting
102489 | Pan      | Found an exit through the horrors of the Abyss.
103203 | Pan      | Entered the realm of Cerebov.
103440 | Pan      | Got a slimy copper ring
103441 | Pan      | Identified the ring of the Middle {+Inv Str+2} (You found
                  | it in Pandemonium)
103457 | Pan      | Identified the +1 leather armour "Ugofah" {rN+ Str+2 Dex-5}
                  | (You found it in Pandemonium)
103524 | Pan      | Identified the +6 sword of Cerebov {flame}
103524 | Pan      | Noticed Cerebov
103534 | Pan      | Killed Cerebov
103611 | Pan      | Got a fiery rune of Zot
103668 | Pan      | Identified Sif Muna's Catalogue of Burning Contamination
103759 | Pan      | Identified the +6 demon blade of the Head {drain, -Tele
                  | rPois Int+5} (You found it in Pandemonium)
103876 | Pan      | Reached skill level 21 in Fighting
103979 | Pan      | Entered the realm of Gloorx Vloq.
104221 | Pan      | Reached skill level 15 in Necromancy
104335 | Pan      | Noticed Gloorx Vloq
104349 | Pan      | Killed Gloorx Vloq
104489 | Pan      | Got a dark rune of Zot
105025 | Pan      | Entered the realm of Mnoleg.
105160 | Pan      | Gained mutation: You are very clumsy. (Dex -4) [a neqoxec]
105161 | Pan      | Gained mutation: Your muscles are strong. (Str +2) [a
                  | neqoxec]
105167 | Pan      | Gained mutation: Armour fits poorly on your strangely
                  | shaped body. [a neqoxec]
105170 | Pan      | Gained mutation: Potions are less effective at restoring
                  | your health. [a neqoxec]
105223 | Pan      | Gained mutation: Your spells are a little easier to cast,
                  | but a little less powerful. [a cacodemon]
105226 | Pan      | Lost mutation: Your spells are a little easier to cast, but
                  | a little less powerful. [a cacodemon]
105335 | Pan      | Noticed Mnoleg
105340 | Pan      | Gained mutation: You sometimes yell uncontrollably at your
                  | foes. [Mnoleg's mutagenic touch]
105350 | Pan      | Killed Mnoleg
105350 | Pan      | Reached skill level 22 in Fighting
105351 | Pan      | Got a glowing rune of Zot
105392 | Pan      | Entered the realm of Lom Lobon.
105472 | Pan      | Paralysed by a wizard for 4 turns
105612 | Pan      | Got a magical rune of Zot
105705 | Pan      | Noticed Lom Lobon
105750 | Pan      | Killed Lom Lobon
105914 | Pan      | Gained mutation: You are dopey. (Int -2) [a neqoxec]
106092 | Pan      | Noticed Beggyroff the pandemonium lord
106107 | Pan      | Killed Beggyroff the pandemonium lord
106607 | Pan      | Noticed Xinuy the pandemonium lord
106613 | Pan      | Killed Xinuy the pandemonium lord
106638 | Depths:2 | Escaped Pandemonium
106823 | Zig:1    | Entered Level 1 of a ziggurat
106839 | Zig:2    | Entered Level 2 of a ziggurat
106839 | Zig:2    | Noticed Oblijof the pandemonium lord
106844 | Zig:2    | Killed Oblijof the pandemonium lord
106867 | Zig:2    | Learned a level 8 spell: Necromutation
106869 | Zig:3    | Entered Level 3 of a ziggurat
106896 | Zig:4    | Entered Level 4 of a ziggurat
106923 | Zig:4    | Reached skill level 23 in Fighting
106926 | Zig:5    | Entered Level 5 of a ziggurat
106987 | Zig:6    | Entered Level 6 of a ziggurat
107018 | Zig:7    | Entered Level 7 of a ziggurat
107049 | Zig:7    | Got an encrusted cloak
107060 | Zig:7    | Identified the cursed +0 cloak of Noughts and Crosses
                  | {Str+3} (You found it on level 7 of a ziggurat)
107087 | Zig:8    | Entered Level 8 of a ziggurat
107133 | Zig:9    | Entered Level 9 of a ziggurat
107217 | Zig:9    | Got a sparkling tin ring
107218 | Zig:9    | Identified the ring "Inteuh" {Ice *Contam Str+2 Int+4} (You
                  | found it on level 9 of a ziggurat)
107222 | Zig:10   | Entered Level 10 of a ziggurat
107234 | Zig:10   | Noticed an ancient lich
107240 | Zig:10   | Killed an ancient lich
107273 | Zig:10   | Identified the +6 scale mail "Rubohapn" {rElec rF- MR+
                  | SInv} (You found it on level 10 of a ziggurat)
107379 | Zig:11   | Entered Level 11 of a ziggurat
107421 | Zig:11   | Got a pair of polished gloves
107443 | Zig:11   | Identified the +5 pair of gloves of Amorality {MR- rCorr
                  | MP-9 Slay+5} (You found it on level 11 of a ziggurat)
107485 | Zig:12   | Entered Level 12 of a ziggurat
107513 | Zig:12   | Found the cursed +13 scythe of Curses {drain, *Curse}
107518 | Zig:12   | Got a transparent amber ring
107519 | Zig:12   | Identified the ring "Segiobbal" {rF- rC+ Dex+5 Stlth+} (You
                  | found it on level 12 of a ziggurat)
107522 | Zig:12   | Lost mutation: Armour fits poorly on your strangely shaped
                  | body. [potion of mutation]
107522 | Zig:12   | Lost mutation: You possess an exceptional clarity of mind.
                  | [potion of mutation]
107522 | Zig:12   | Lost mutation: You are dopey. (Int -2) [potion of mutation]
107522 | Zig:12   | Gained mutation: You are robust. (+10% HP) [potion of
                  | mutation]
107522 | Zig:12   | Gained mutation: Your flesh is cold resistant. (rC+)
                  | [potion of mutation]
107522 | Zig:12   | Gained mutation: You have large cloven feet. [potion of
                  | mutation]
107523 | Zig:12   | Lost mutation: Your flesh is cold resistant. (rC+) [potion
                  | of mutation]
107523 | Zig:12   | Lost mutation: Your magical capacity is very low. (-20% MP)
                  | [potion of mutation]
107523 | Zig:12   | Lost mutation: Your magical capacity is low. (-10% MP)
                  | [potion of mutation]
107523 | Zig:12   | Lost mutation: Your muscles are strong. (Str +2) [potion of
                  | mutation]
107523 | Zig:12   | Lost mutation: You have large cloven feet. [potion of
                  | mutation]
107523 | Zig:12   | Gained mutation: You are very robust. (+20% HP) [potion of
                  | mutation]
107524 | Zig:12   | Lost mutation: You sometimes yell uncontrollably at your
                  | foes. [potion of mutation]
107524 | Zig:12   | Lost mutation: You are very clumsy. (Dex -4) [potion of
                  | mutation]
107524 | Zig:12   | Lost mutation: You occasionally shout uncontrollably at
                  | your foes. [potion of mutation]
107524 | Zig:12   | Gained mutation: You can translocate small distances at
                  | will. [potion of mutation]
107524 | Zig:12   | Gained mutation: Your muscles are strong. (Str +2) [potion
                  | of mutation]
107524 | Zig:12   | Gained mutation: You are resistant to hostile enchantments.
                  | (MR+) [potion of mutation]
107604 | Zig:13   | Entered Level 13 of a ziggurat
107690 | Zig:14   | Entered Level 14 of a ziggurat
107704 | Zig:14   | Noticed an ancient lich
107708 | Zig:14   | Noticed an ancient lich
107709 | Zig:14   | Killed an ancient lich
107709 | Zig:14   | Noticed an ancient lich
107709 | Zig:14   | Noticed an ancient lich
107710 | Zig:14   | Reached skill level 24 in Fighting
107710 | Zig:14   | Killed an ancient lich
107714 | Zig:14   | Killed an ancient lich
107722 | Zig:14   | Found the +12 glaive of Prune {chop}
107726 | Zig:14   | Killed an ancient lich
107794 | Zig:14   | Got a shimmering granite ring
107795 | Zig:14   | Identified the ring of the Modern Curses {Wiz rElec rN+
                  | Int+3 Dex-4} (You found it on level 14 of a ziggurat)
107798 | Zig:14   | Got a pair of translucent boots
107809 | Zig:14   | Identified the +0 pair of boots "Reaxtext" {rC+ Dex+7} (You
                  | found it on level 14 of a ziggurat)
107814 | Zig:15   | Entered Level 15 of a ziggurat
107831 | Zig:15   | Noticed a juggernaut
107832 | Zig:15   | Noticed a juggernaut
107836 | Zig:15   | Killed a juggernaut
107837 | Zig:15   | Killed a juggernaut
107841 | Zig:15   | Found the +9 staff of Olgreb {rPois}
107907 | Zig:16   | Entered Level 16 of a ziggurat
107924 | Zig:16   | Noticed an ancient lich
107926 | Zig:16   | Killed an ancient lich
107926 | Zig:16   | Reached skill level 25 in Fighting
107978 | Zig:16   | Got a scorched silver ring
107979 | Zig:16   | Identified the ring "Ixefe Siqisch" {+Fly rF+ Int+3 Stlth-}
                  | (You found it on level 16 of a ziggurat)
107994 | Zig:16   | Got a shimmering iron ring
107995 | Zig:16   | Identified the Almanac of Nocuous Weightlessness
108006 | Zig:16   | Identified the ring "Egediblu" {rN+ Slay+2} (You found it
                  | on level 16 of a ziggurat)
108007 | Zig:16   | Identified the ring "Reaguhytz" {MP+9 Str+4} (You found it
                  | on level 16 of a ziggurat)
108014 | Zig:17   | Entered Level 17 of a ziggurat
108061 | Zig:17   | Reached skill level 26 in Fighting
108061 | Zig:17   | Gained mutation: Your magical capacity is low. (-10% MP) [a
                  | cacodemon]
108236 | Zig:17   | Learned a level 8 spell: Borgnjor's Revivification
108240 | Zig:18   | Entered Level 18 of a ziggurat
108352 | Zig:18   | Identified the +5 ring mail of Vampiric Thralls {Str+3}
                  | (You found it on level 18 of a ziggurat)
108390 | Zig:19   | Entered Level 19 of a ziggurat
108411 | Zig:19   | Noticed a greater mummy
108411 | Zig:19   | Noticed a greater mummy
108411 | Zig:19   | Noticed a greater mummy
108417 | Zig:19   | Killed a greater mummy
108417 | Zig:19   | Killed a greater mummy
108417 | Zig:19   | Noticed a greater mummy
108417 | Zig:19   | Noticed a greater mummy
108418 | Zig:19   | Noticed a greater mummy
108420 | Zig:19   | Killed a greater mummy
108420 | Zig:19   | Killed a greater mummy
108426 | Zig:19   | Noticed a greater mummy
108456 | Zig:20   | Entered Level 20 of a ziggurat
108930 | Zig:20   | Got a scintillating turquoise ring
108931 | Zig:20   | Identified the ring of the Final Orbs {rElec rC- MP+9 SInv}
                  | (You found it on level 20 of a ziggurat)
108956 | Zig:20   | Identified the +1 scale mail of the Illusory Dreams {rC-
                  | MR++} (You found it on level 20 of a ziggurat)
109328 | D:3      | Fell from the grace of Uskayaw
109328 | D:3      | Became a worshipper of Makhleb the Destroyer
109701 | Zot:1    | Entered Level 1 of the Realm of Zot
109771 | Zot:1    | Reached skill level 27 in Fighting
110159 | Zot:1    | Reached * piety under Makhleb
111273 | Zot:2    | Reached ** piety under Makhleb
111337 | Zot:2    | Identified a +2 pair of boots of running (You acquired it
                  | on level 2 of the Realm of Zot)
112152 | Zot:3    | Reached *** piety under Makhleb
112174 | Zot:3    | Reached skill level 15 in Long Blades
112888 | Zot:4    | Paralysed by the fury of Uskayaw for 5 turns
112924 | Zot:4    | Reached **** piety under Makhleb
113172 | Zot:4    | Noticed an orb of fire
113175 | Zot:4    | Gained mutation: Your magical capacity is very low. (-20%
                  | MP) [an orb of fire]
113177 | Zot:4    | Gained mutation: You occasionally shout uncontrollably at
                  | your foes. [an orb of fire]
113181 | Zot:4    | Killed an orb of fire
113523 | Zot:5    | Entered Level 5 of the Realm of Zot
114023 | Zot:5    | Noticed an orb of fire
114032 | Zot:5    | Gained mutation: Scrolls take you a little longer to read.
                  | [an orb of fire]
114035 | Zot:5    | Killed an orb of fire
114036 | Zot:5    | Noticed a juggernaut
114036 | Zot:5    | a Killer Klown changed into a juggernaut
114044 | Zot:5    | Noticed an orb of fire
114045 | Zot:5    | Gained mutation: You do not regenerate when monsters are
                  | visible. [an orb of fire]
114060 | Zot:5    | Gained mutation: Scrolls take you longer to read. [an orb
                  | of fire]
114061 | Zot:5    | Killed a juggernaut
114062 | Zot:5    | Reached ***** piety under Makhleb
114347 | Zot:5    | Killed an orb of fire
114490 | Zot:5    | Was forgiven by Uskayaw
114527 | Zot:5    | Reached skill level 10 in Dodging
114553 | Zot:5    | Noticed an ancient lich
114563 | Zot:5    | Killed an ancient lich
114586 | Zot:5    | Noticed an ancient lich
114590 | Zot:5    | Paralysed by an ancient lich for 2 turns
114592 | Zot:5    | Killed an ancient lich
114607 | Zot:5    | Noticed an orb of fire
114619 | Zot:5    | Killed an orb of fire
115034 | Zot:5    | Lost mutation: You are resistant to hostile enchantments.
                  | (MR+) [potion of mutation]
115034 | Zot:5    | Lost mutation: You are clumsy. (Dex -2) [potion of
                  | mutation]
115034 | Zot:5    | Lost mutation: Scrolls take you longer to read. [potion of
                  | mutation]
115034 | Zot:5    | Gained mutation: Your mind is acute. (Int +2) [potion of
                  | mutation]
115034 | Zot:5    | Gained mutation: You have very sharp teeth. [potion of
                  | mutation]
115035 | Zot:5    | Lost mutation: Scrolls take you a little longer to read.
                  | [potion of mutation]
115035 | Zot:5    | Lost mutation: Your muscles are strong. (Str +2) [potion of
                  | mutation]
115035 | Zot:5    | Lost mutation: You do not regenerate when monsters are
                  | visible. [potion of mutation]
115035 | Zot:5    | Lost mutation: You are very robust. (+20% HP) [potion of
                  | mutation]
115035 | Zot:5    | Gained mutation: You have sharp toenails. [potion of
                  | mutation]
115035 | Zot:5    | Gained mutation: You expend magic power (3 MP) to
                  | strengthen your wands. [potion of mutation]
115036 | Zot:5    | Lost mutation: You expend magic power (3 MP) to strengthen
                  | your wands. [potion of mutation]
115036 | Zot:5    | Lost mutation: You have sharp toenails. [potion of
                  | mutation]
115036 | Zot:5    | Lost mutation: You occasionally shout uncontrollably at
                  | your foes. [potion of mutation]
115036 | Zot:5    | Gained mutation: You are resistant to hostile enchantments.
                  | (MR+) [potion of mutation]
115036 | Zot:5    | Gained mutation: Your muscles are strong. (Str +2) [potion
                  | of mutation]
115037 | Zot:5    | Lost mutation: You have very sharp teeth. [potion of
                  | mutation]
115037 | Zot:5    | Lost mutation: Your mind is acute. (Int +2) [potion of
                  | mutation]
115037 | Zot:5    | Lost mutation: Your magical capacity is very low. (-20% MP)
                  | [potion of mutation]
115037 | Zot:5    | Lost mutation: Your muscles are strong. (Str +2) [potion of
                  | mutation]
115037 | Zot:5    | Gained mutation: Your mind is acute. (Int +2) [potion of
                  | mutation]
115037 | Zot:5    | Gained mutation: You expend magic power (3 MP) to
                  | strengthen your wands. [potion of mutation]
115038 | Zot:5    | Lost mutation: Potions are less effective at restoring your
                  | health. [potion of mutation]
115038 | Zot:5    | Lost mutation: Your magical capacity is low. (-10% MP)
                  | [potion of mutation]
115038 | Zot:5    | Gained mutation: You evolve. [potion of mutation]
115038 | Zot:5    | Lost mutation: You evolve. [potion of mutation]
115038 | Zot:5    | Gained mutation: You possess an exceptional clarity of
                  | mind. [potion of mutation]
115049 | Zot:5    | Learned a level 8 spell: Lehudib's Crystal Spear
115076 | Zot:5    | Got the Orb of Zot
115714 | Tomb:1   | Entered Level 1 of the Tomb of the Ancients
116043 | Tomb:1   | Noticed a greater mummy
116053 | Tomb:1   | Killed a greater mummy
116069 | Tomb:1   | Noticed a greater mummy
116080 | Tomb:1   | Killed a greater mummy
116425 | Tomb:1   | Reached ****** piety under Makhleb
116576 | Tomb:1   | Reached skill level 15 in Dodging
116628 | Tomb:1   | Noticed a seraph
116632 | Tomb:1   | Killed a seraph
116873 | Tomb:1   | Noticed a greater mummy
116877 | Tomb:1   | Noticed Luapnidgh the pandemonium lord
116878 | Tomb:1   | Noticed a greater mummy
116879 | Tomb:1   | Noticed a greater mummy
116882 | Tomb:1   | Killed a greater mummy
116888 | Tomb:1   | Killed Luapnidgh the pandemonium lord
116895 | Tomb:1   | Noticed a greater mummy
116902 | Tomb:1   | Noticed a greater mummy
117090 | Tomb:1   | Noticed Luqoetuaj the pandemonium lord
117096 | Tomb:1   | Killed Luqoetuaj the pandemonium lord
117108 | Tomb:1   | Killed a greater mummy
117175 | Tomb:1   | Noticed a greater mummy
117188 | Tomb:1   | Killed a greater mummy
117346 | Tomb:1   | Noticed a greater mummy
117347 | Tomb:1   | Noticed Tounil the pandemonium lord
117347 | Tomb:1   | Noticed an ancient lich
117351 | Tomb:1   | Killed an ancient lich
117356 | Tomb:1   | Killed a greater mummy
117356 | Tomb:1   | Reached skill level 15 in Invocations
117373 | Tomb:1   | Killed Tounil the pandemonium lord
117588 | Tomb:2   | Noticed a greater mummy
117590 | Tomb:2   | Noticed an ancient lich
117591 | Tomb:2   | Noticed a greater mummy
117597 | Tomb:2   | Killed a greater mummy
117598 | Tomb:2   | Killed a greater mummy
117608 | Tomb:2   | Killed an ancient lich
117625 | Tomb:2   | Noticed a greater mummy
117639 | Tomb:2   | Killed a greater mummy
117644 | Tomb:2   | Identified the +5 morningstar of the Penguin {venom, rF+
                  | Str+2 Dex+3}
117669 | Tomb:1   | Identified the +6 war axe of the Beginning {antimagic,
                  | +Blink Stlth+}
118247 | Tomb:2   | Noticed Pelal the pandemonium lord
118257 | Tomb:2   | Killed Pelal the pandemonium lord
118326 | Tomb:2   | Noticed Yquppuj the pandemonium lord
118333 | Tomb:2   | Killed Yquppuj the pandemonium lord
118418 | Tomb:3   | Entered Level 3 of the Tomb of the Ancients
118490 | Tomb:3   | Noticed a greater mummy
118496 | Tomb:3   | Noticed a greater mummy
118503 | Tomb:3   | Killed a greater mummy
118510 | Tomb:3   | Killed a greater mummy
118536 | Tomb:3   | Noticed Cowkomm the pandemonium lord
118541 | Tomb:3   | Killed Cowkomm the pandemonium lord
118611 | Tomb:3   | Noticed a greater mummy
118621 | Tomb:3   | Killed a greater mummy
118639 | Tomb:3   | Noticed a greater mummy
118826 | Tomb:3   | Noticed an ancient lich
118828 | Tomb:3   | Noticed a greater mummy
118828 | Tomb:3   | Noticed an ancient lich
118828 | Tomb:3   | Noticed a greater mummy
118844 | Tomb:3   | Killed an ancient lich
118845 | Tomb:3   | Killed a greater mummy
118847 | Tomb:3   | Killed an ancient lich
118912 | Tomb:2   | Noticed Fiuqay the pandemonium lord
118918 | Tomb:2   | Killed Fiuqay the pandemonium lord
119276 | Tomb:3   | Killed a greater mummy
119345 | Tomb:3   | Killed a greater mummy
119494 | Tomb:3   | Noticed Pyles Morph the pandemonium lord
119505 | Tomb:3   | Killed Pyles Morph the pandemonium lord
119519 | Tomb:3   | Noticed Reuseco the pandemonium lord
119539 | Tomb:3   | Killed Reuseco the pandemonium lord
119741 | Tomb:3   | Got a golden rune of Zot
119767 | Tomb:3   | Noticed Qocsyos the pandemonium lord
119782 | Tomb:3   | Killed Qocsyos the pandemonium lord
119932 | Tomb:1   | Noticed a greater mummy
119936 | Tomb:1   | Noticed a greater mummy
119939 | Tomb:1   | Killed a greater mummy
119942 | Tomb:1   | Killed a greater mummy
119951 | Tomb:1   | Killed a greater mummy
120180 | Vaults:3 | Killed Zotwa's ghost
120599 | D:$      | Escaped with the Orb!

Levels and vault maps discovered:
D:1:      dpeg_arrival_line_fractal, layout_basic, hangedman_decor_points,
          roderic_lattice_a, minivault_27
D:2:      layout_loops_ring, lemuel_crystal_altar, lemuel_doored_altar,
          lemuel_coloured_pillars_altar, chequers_jeans, serial_park_tiny_pond,
          minmay_misc_feat_square
D:3:      layout_rooms, nicolae_overflow_hidden_temple, old_standard_altar,
          first_ration, uniq_natasha
D:4:      layout_rooms, minmay_temple_entry_sparse_star, st_stairs_4
D:5:      layout_basic, xom_butterflies, minmay_misc_feat_iff, uniq_duvessa
D:6:      layout_basic, portal_sewer_entry_a, kennysheep_generic_room_3
D:7:      layout_loops_ring, kennysheep_mini_moat
D:8:      layout_loops_ring, nicolae_overflow_crystal_walls, enter_bailey_2,
          basic_altar, grunt_livestock, small_chamber_with_monster,
          minivault_22, nicolae_lava_and_water
D:9:      lemuel_slime, layout_basic, dpeg_lair_monsters
D:10:     layout_basic, david_orc_4, st_stairs_8, elyvilon_altar_5
D:11:     layout_rooms, uniq_nergalle, uniq_fannar
D:12:     layout_basic, uniq_jorgrun, uniq_josephine
D:13:     layout_loops_corners, grunt_vaults_entry_fortified, serial_shops,
          shop, shop, kennysheep_mini,
          nicolae_shop_temple_entry_statues_fountains
D:14:     layout_long_grid
D:15:     grunt_enter_depths_hoard, layout_gridville
Lair:1:   layout_cave_pods
Lair:2:   layout_regular_city
Lair:3:   layout_hall_layers, elwin_shoals_entry_rocks, spider_nest_entry_a,
          columned_hall_lemuel
Lair:4:   layout_misc_corridors, nicolae_volcano_entry_s_turn,
          gammafunk_ghost_berserking_beasts, beast_lair_carwin_1,
          grunt_megastairs_5, minmay_lair_oklob_chamber
Lair:5:   layout_roguey
Lair:6:   evilmike_catoblepas_cave, layout_loops_ring,
          dpeg_slime_entry_enclosed_altar, infiniplex_staircase_pool_2
Shoals:1: layout_shoals, lemuel_altar_in_water
Shoals:2: layout_shoals, uniq_polyphemus, uniq_aizul
Shoals:3: cheibrodos_shoals_oceanic_diplomacy, layout_shoals, serial_shops,
          nicolae_shop_stone, overgrown_tower
Shoals:4: shoals_end_simple, layout_shoals, nicolae_shoals_kraken_intersection,
          uniq_nikola
Spider:1: layout_chambers
Spider:2: layout_spider_delve, portal_ice_cave_entry_ice_statue_one
Spider:3: layout_spider_delve
Spider:4: grunt_spider_rune_circles, gammafunk_ghost_grave, nicolae_crawler_farm
Slime:1:  layout_caves
Slime:2:  layout_caves
Slime:3:  layout_caves
Slime:4:  cheibrodos_slime_lost_civilization_10, layout_caves
Slime:5
Orc:1:    layout_caves, library_closet
Orc:2:    st_orc_mages, layout_caves
Elf:1:    minmay_elf_arrival_plus, layout_onion_city, orc_legates,
          grunt_ministairs_3, uniq_donald
Elf:2:    layout_onion_city
Elf:3:    elf_hall_gauntlet_narrow, layout_onion_city
Vaults:1: nicolae_vaults_hallways_thing, nicolae_vaults_windows_and_doors_thing,
          nicolae_vaults_network_square, hangedman_vaults_slither, st_diamondy,
          nicolae_vaults_alarming, nicolae_vaults_little_squares_4, v_misc_4,
          nicolae_vaults_network_quincunx
          [nicolae_vaults_network_quincunx_subvault,
          nicolae_vaults_network_quincunx_subvault,
          nicolae_vaults_network_quincunx_subvault,
          nicolae_vaults_network_quincunx_subvault,
          nicolae_vaults_network_quincunx_subvault],
          ontoclasm_vaults_claustrophobia, vaults_mumra_chevron_long,
          vaults_room_pool, nicolae_vaults_rhombus_5,
          nicolae_vaults_specimen_jars, layout_vaults_omnibox, serial_shops,
          bzr_entry_dummy
Vaults:2: v_misc_5, hangedman_vaults_nails, nicolae_vaults_network_star,
          nicolae_vaults_little_ls, nicolae_vaults_stairing_the_circle,
          grunt_vaults_hallway_long, ontoclasm_vaults_ring_square,
          nicolae_vaults_ring_of_whatevers, sword_in_stone,
          ontoclasm_vaults_pinch, layout_vaults_omnicross, serial_shops,
          nicolae_shop_window_shopping, uniq_mennas, uniq_xtahua
Vaults:3: gammafunk_vaults_ghost_cemetery, minmay_crypt_entry_skeletal_spiral,
          v_misc_33, hangedman_vaults_nails, ontoclasm_vaults_gateway,
          vaults_room_door_hall, layout_vaults_quadrants
Vaults:4: hangedman_vaults_unwind, nicolae_vaults_network_s,
          vaults_dpeg_diagonal, v_alt_pattern_3, hangedman_vaults_hat,
          nicolae_vaults_network_periphery, nicolae_vaults_circle_grid_b,
          v_pattern_2, hangedman_vaults_slice, layout_vaults_maze_snakey,
          uniq_mara, uniq_saint_roka
Vaults:5
Crypt:1:  layout_chaotic_city, small_statue_intersection
Crypt:2:  layout_catacombs, basic_altar, minmay_misc_feat_five
Crypt:3:  grunt_crypt_end_deaths_head, uniq_jory, uniq_khufu
Tomb:1
Tomb:2
Tomb:3
Depths:1: layout_cave_shapes, hell_entry, minivault_14,
          kennysheep_generic_room_11, roderic_lattice_octagonal_star,
          minmay_shoptagon
Depths:2: minmay_the_grid_octo_tiled_octocenter [minmay_the_grid_octo_teeth,
          minmay_the_grid_octo_checkerflower, minmay_the_grid_octo_empty,
          minmay_the_grid_octo_checkered,
          minmay_the_grid_octo_prize_single_spiral,
          minmay_the_grid_square_5x5_hourglass,
          minmay_the_grid_square_5x5_misaligned,
          minmay_the_grid_square_5x5_tri_point,
          minmay_the_grid_square_5x5_hollow_slash], layout_cave_pools,
          hell_entry, rand_demon_pan_entry_1, hex_tiny, minmay_shop_grid_forest,
          guppyfry_shop_venom
Depths:3: minmay_guarded_unrand_sceptre_of_torment, layout_cross,
          grunt_pan_entry_zigzag, pf_coc_iceberg,
          minmay_misc_feat_secret_circle, minmay_pinched_square
Depths:4: minmay_bloctagon_deflated, layout_basic, grunt_hell_entry_dis_mu,
          serial_rivers, chequers_serial_rivers_micro_b,
          chequers_serial_rivers_room_b, chequers_serial_rivers_micro_a,
          chequers_serial_rivers_micro_c, chequers_serial_rivers_small_3,
          hangedman_abyss_entry_splay, small_statue_intersection,
          infiniplex_staircase_hallway_doors
Depths:5: grunt_zot_entry_bicorn, layout_basic, enter_ziggurat_c, hell_entry,
          serial_shops, bzr_in_the_mist, okawaru_ov_weapons_minmay,
          serial_bayou_shore_b
Hell
Dis:1:    layout_overlapping_boxes
Dis:2:    layout_subdivisions
Dis:3:    layout_chaotic_city
Dis:4:    layout_regular_city
Dis:5:    layout_subdivisions
Dis:6:    layout_jigsaw
Dis:7:    iron_city_of_dis [dis_mu, dis_wall_4], layout_chaotic_city
Geh:1:    layout_gehenna_pools_basic
Geh:2:    layout_gehenna_lava_caves
Geh:3:    layout_gehenna_pools_basic
Geh:4:    layout_gehenna_pools_basic, hangedman_elemental_corridor
Geh:5:    layout_gehenna_pools_basic, nicolae_geh_sunburst
Geh:6:    layout_gehenna_pools_box
Geh:7:    geh_mu
Coc:1:    layout_ice_bergs
Coc:2:    layout_cocytus_delve, evilmike_ambush [evilmike_ambush_outer_basic,
          evilmike_ambush_inner_pond]
Coc:3:    layout_cocytus_water_paths
Coc:4:    layout_cocytus_water_paths
Coc:5:    layout_ice_bergs
Coc:6:    layout_ice_bergs
Coc:7:    coc_dpeg
Tar:1:    layout_honeycomb, nicolae_tar_cuneiform_bird,
          nicolae_tar_cuneiform_bread
Tar:2:    layout_grid_maze
Tar:3:    layout_cathedral_of_symmetry
Tar:4:    layout_grid_maze, nicolae_tar_cuneiform_not
Tar:5:    layout_grid_maze
Tar:6:    layout_grid_maze
Tar:7:    tar_mu [tar_mu_maze]
Zot:1:    layout_gridlike
Zot:2:    layout_onion_interference
Zot:3:    layout_gridlike, drop_trap, grunt_megastairs_2
Zot:4:    layout_gridville, zot_minivault_2, grunt_megastairs_3
Zot:5:    layout_cathedral_of_symmetry

Skill      XL: |  1  2  3  4  5  6  7  8  9 10 11 12 13 14 15 16 17 18 19 20 21 22 23 24 25 26 27 |
---------------+----------------------------------------------------------------------------------+-----
Dodging        | 2 3 4 7 8 9 24 | 24.4
Fire Magic     | 3 4 5 6 7 8 9 10 12 14 17 18 20 22 | 22.0
Conjurations   | 2 3 4 6 7 9 10 | 10.0
Spellcasting   | 3 4 5 6 8 10 11 13 14 15 23 | 23.0
Invocations    | 3 5 6 10 12 15 | 15.1
Fighting       | 2 4 6 8 10 12 13 14 16 17 18 19 27 | 27.0
Armour         | 3 5 7 8 10 11 12 13 15 16 17 19 20 | 20.0
Long Blades    | 5 7 9 11 12 13 14 20 | 20.1
Shields        | 2 4 5 9 13 15 | 15.0
Necromancy     | 8 12 13 20 | 20.6
Charms         | 2 |  2.0
Earth Magic    | 3 6 25 | 25.5
Summonings     | 5 9 |  9.5
Transmutations | 14 | 14.0
Translocations | 4 |  4.1
Stealth        | |  1.7

Action                   |  1- 3 |  4- 6 |  7- 9 | 10-12 | 13-15 | 16-18 | 19-21 | 22-24 | 25-27 || total
-------------------------+-------+-------+-------+-------+-------+-------+-------+-------+-------++-------
Melee: Spear             |    17 |       |       |       |       |       |       |       |       ||    17
       Dagger            |    83 |    92 |   188 |   210 |       |       |       |       |       ||   573
       Headbutt          |       |       |       |    75 |   263 |   295 |   430 |   579 |  2193 ||  3835
       Demon blade       |       |       |       |   191 |  1059 |  1302 |  1765 |  1926 |  6624 || 12867
       Double sword      |       |       |       |       |       |       |       |       |  1409 ||  1409
 Cast: Flame Tongue      |    16 |    31 |   159 |    98 |    43 |    73 |     9 |       |     8 ||   437
       Sticky Flame      |       |       |     8 |    35 |   111 |   134 |    26 |     3 |    45 ||   362
       Conjure Flame     |       |       |     7 |    25 |    15 |    11 |     2 |       |     1 ||    61
       Throw Flame       |       |       |    31 |       |     3 |     1 |       |       |       ||    35
       Fireball          |       |       |       |    34 |    77 |   159 |    25 |    11 |    70 ||   376
       Inner Flame       |       |       |       |     8 |    24 |    15 |     1 |       |       ||    48
       Regeneration      |       |       |       |       |       |     3 |    18 |    26 |   147 ||   194
       Borgnjor's Vile C |       |       |       |       |       |    21 |   102 |   140 |   478 ||   741
       Aura of Abjuratio |       |       |       |       |       |       |     3 |    10 |    30 ||    43
       Statue Form       |       |       |       |       |       |       |       |       |   151 ||   151
       Ignition          |       |       |       |       |       |       |       |       |    91 ||    91
       Shatter           |       |       |       |       |       |       |       |       |    47 ||    47
       Necromutation     |       |       |       |       |       |       |       |       |    29 ||    29
       Lehudib's Crystal |       |       |       |       |       |       |       |       |    22 ||    22
Invok: Stomp             |       |     2 |       |       |     3 |     2 |       |       |     9 ||    16
       Line Pass         |       |       |     1 |       |       |       |       |       |       ||     1
       Grand Finale      |       |       |       |       |       |       |     2 |     3 |    13 ||    18
       Greater Servant o |       |       |       |       |       |       |       |       |     2 ||     2
 Abil: Blink             |       |       |       |       |       |       |       |       |     3 ||     3
       End Transformatio |       |       |       |       |       |       |       |       |     1 ||     1
Evoke: Wand              |       |       |       |     2 |     9 |    15 |    20 |       |    33 ||    79
       Lamp of fire      |       |       |       |       |       |       |     2 |     4 |    18 ||    24
  Use: Potion            |       |     2 |     2 |     1 |     2 |     4 |     5 |     1 |    60 ||    77
       Scroll            |       |       |    12 |     2 |    14 |    15 |     5 |     9 |    80 ||   137
 Stab: Sleeping          |     7 |     2 |    14 |    10 |    22 |    11 |    55 |    26 |    34 ||   181
       Paralysed         |     1 |     1 |     3 |    10 |    79 |    90 |   188 |   264 |   761 ||  1397
       Distracted        |       |       |       |     2 |     9 |     8 |     2 |     9 |    31 ||    61
       Petrified         |       |       |       |       |       |     5 |       |       |       ||     5
       Petrifying        |       |       |       |       |       |       |       |     1 |     3 ||     4
  Eat: Chunk             |     3 |     6 |    10 |    32 |    74 |    59 |    47 |    32 |    62 ||   325
       Ration            |       |       |     3 |     3 |     7 |    10 |     8 |    12 |    54 ||    97
Armor: Robe              |     3 |    16 |    55 |       |       |       |       |       |       ||    74
       Leather armour    |    28 |    19 |       |       |       |       |       |       |       ||    47
       Skin              |       |       |     8 |   102 |     4 |       |       |       |  1492 ||  1606
       Ring mail         |       |       |       |       |   350 |   335 |   168 |   277 |       ||  1130
       Scale mail        |       |       |       |       |       |       |       |    38 |  1714 ||  1752
Dodge: Dodged            |    72 |    83 |   169 |   402 |   969 |   888 |   480 |   835 |  3575 ||  7473
Block: Buckler           |       |       |       |       |   238 |   939 |   714 |  1291 |  2017 ||  5199
       Reflection        |       |       |       |       |     9 |    48 |    71 |    77 |   163 ||   368
       Shield            |       |       |       |       |       |       |       |       |  4870 ||  4870
       Rpst.: Demon blade |       |       |       |    69 |   211 |   154 |   103 |   159 |   450 ||  1146
       Double sword      |       |       |       |       |       |       |       |       |   188 ||   188
